%YAML 1.1
%TAG !u! tag:unity3d.com,2011:
--- !u!1 &327574620
GameObject:
  m_ObjectHideFlags: 0
  m_CorrespondingSourceObject: {fileID: 0}
  m_PrefabInstance: {fileID: 0}
  m_PrefabAsset: {fileID: 0}
  serializedVersion: 6
  m_Component:
  - component: {fileID: 327574621}
  m_Layer: 8
  m_Name: RCBack
  m_TagString: Untagged
  m_Icon: {fileID: 0}
  m_NavMeshLayer: 0
  m_StaticEditorFlags: 0
  m_IsActive: 1
--- !u!4 &327574621
Transform:
  m_ObjectHideFlags: 0
  m_CorrespondingSourceObject: {fileID: 0}
  m_PrefabInstance: {fileID: 0}
  m_PrefabAsset: {fileID: 0}
  m_GameObject: {fileID: 327574620}
  m_LocalRotation: {x: 0, y: 0, z: 0, w: 1}
  m_LocalPosition: {x: 0, y: 0, z: -0.135}
  m_LocalScale: {x: 1, y: 1, z: 1}
  m_Children: []
  m_Father: {fileID: 1618344192}
  m_RootOrder: 0
  m_LocalEulerAnglesHint: {x: 0, y: 0, z: 0}
--- !u!1 &560445578
GameObject:
  m_ObjectHideFlags: 0
  m_CorrespondingSourceObject: {fileID: 0}
  m_PrefabInstance: {fileID: 0}
  m_PrefabAsset: {fileID: 0}
  serializedVersion: 6
  m_Component:
  - component: {fileID: 560445579}
  - component: {fileID: 560445580}
  m_Layer: 8
  m_Name: FallDeathCheck
  m_TagString: Untagged
  m_Icon: {fileID: 0}
  m_NavMeshLayer: 0
  m_StaticEditorFlags: 0
  m_IsActive: 1
--- !u!4 &560445579
Transform:
  m_ObjectHideFlags: 0
  m_CorrespondingSourceObject: {fileID: 0}
  m_PrefabInstance: {fileID: 0}
  m_PrefabAsset: {fileID: 0}
  m_GameObject: {fileID: 560445578}
  m_LocalRotation: {x: 0, y: 0, z: 0, w: 1}
  m_LocalPosition: {x: 0, y: 0.1, z: 0}
  m_LocalScale: {x: 1, y: 1, z: 1}
  m_Children: []
  m_Father: {fileID: 4795150423865486822}
  m_RootOrder: 5
  m_LocalEulerAnglesHint: {x: 0, y: 0, z: 0}
--- !u!114 &560445580
MonoBehaviour:
  m_ObjectHideFlags: 0
  m_CorrespondingSourceObject: {fileID: 0}
  m_PrefabInstance: {fileID: 0}
  m_PrefabAsset: {fileID: 0}
  m_GameObject: {fileID: 560445578}
  m_Enabled: 1
  m_EditorHideFlags: 0
  m_Script: {fileID: 11500000, guid: 14ec9abaace91a04788a8abd88457cdd, type: 3}
  m_Name: 
  m_EditorClassIdentifier: 
  mGroundCheckTime: 0.8
  mGroundCheckDistance: 3.2
  mGroundMask:
    serializedVersion: 2
    m_Bits: 50689
  mDebugDraw: 0
--- !u!1 &1291081828
GameObject:
  m_ObjectHideFlags: 0
  m_CorrespondingSourceObject: {fileID: 0}
  m_PrefabInstance: {fileID: 0}
  m_PrefabAsset: {fileID: 0}
  serializedVersion: 6
  m_Component:
  - component: {fileID: 1291081829}
  m_Layer: 8
  m_Name: RCFront
  m_TagString: Untagged
  m_Icon: {fileID: 0}
  m_NavMeshLayer: 0
  m_StaticEditorFlags: 0
  m_IsActive: 1
--- !u!4 &1291081829
Transform:
  m_ObjectHideFlags: 0
  m_CorrespondingSourceObject: {fileID: 0}
  m_PrefabInstance: {fileID: 0}
  m_PrefabAsset: {fileID: 0}
  m_GameObject: {fileID: 1291081828}
  m_LocalRotation: {x: 0, y: 0, z: 0, w: 1}
  m_LocalPosition: {x: 0, y: 0, z: 0.485}
  m_LocalScale: {x: 1, y: 1, z: 1}
  m_Children: []
  m_Father: {fileID: 1618344192}
  m_RootOrder: 1
  m_LocalEulerAnglesHint: {x: 0, y: 0, z: 0}
--- !u!1 &1618344191
GameObject:
  m_ObjectHideFlags: 0
  m_CorrespondingSourceObject: {fileID: 0}
  m_PrefabInstance: {fileID: 0}
  m_PrefabAsset: {fileID: 0}
  serializedVersion: 6
  m_Component:
  - component: {fileID: 1618344192}
  m_Layer: 8
  m_Name: SizeCheckRCPoints
  m_TagString: Untagged
  m_Icon: {fileID: 0}
  m_NavMeshLayer: 0
  m_StaticEditorFlags: 0
  m_IsActive: 1
--- !u!4 &1618344192
Transform:
  m_ObjectHideFlags: 0
  m_CorrespondingSourceObject: {fileID: 0}
  m_PrefabInstance: {fileID: 0}
  m_PrefabAsset: {fileID: 0}
  m_GameObject: {fileID: 1618344191}
  m_LocalRotation: {x: 0, y: 0, z: 0, w: 1}
  m_LocalPosition: {x: 0, y: 0, z: 0}
  m_LocalScale: {x: 1, y: 1, z: 1}
  m_Children:
  - {fileID: 327574621}
  - {fileID: 1291081829}
  m_Father: {fileID: 4795150423865486822}
  m_RootOrder: 6
  m_LocalEulerAnglesHint: {x: 0, y: 0, z: 0}
--- !u!1 &1660216461
GameObject:
  m_ObjectHideFlags: 0
  m_CorrespondingSourceObject: {fileID: 0}
  m_PrefabInstance: {fileID: 0}
  m_PrefabAsset: {fileID: 0}
  serializedVersion: 6
  m_Component:
  - component: {fileID: 1660216462}
  - component: {fileID: 8841777617412069245}
  m_Layer: 8
  m_Name: SpecialAbility
  m_TagString: Untagged
  m_Icon: {fileID: 0}
  m_NavMeshLayer: 0
  m_StaticEditorFlags: 0
  m_IsActive: 1
--- !u!4 &1660216462
Transform:
  m_ObjectHideFlags: 0
  m_CorrespondingSourceObject: {fileID: 0}
  m_PrefabInstance: {fileID: 0}
  m_PrefabAsset: {fileID: 0}
  m_GameObject: {fileID: 1660216461}
  m_LocalRotation: {x: 0, y: 0, z: 0, w: 1}
  m_LocalPosition: {x: 0, y: 0, z: 0}
  m_LocalScale: {x: 1, y: 1, z: 1}
  m_Children: []
  m_Father: {fileID: 4795150423865486822}
  m_RootOrder: 4
  m_LocalEulerAnglesHint: {x: 0, y: 0, z: 0}
--- !u!114 &8841777617412069245
MonoBehaviour:
  m_ObjectHideFlags: 0
  m_CorrespondingSourceObject: {fileID: 0}
  m_PrefabInstance: {fileID: 0}
  m_PrefabAsset: {fileID: 0}
  m_GameObject: {fileID: 1660216461}
  m_Enabled: 1
  m_EditorHideFlags: 0
  m_Script: {fileID: 11500000, guid: 3c3df4289ed14894da1f8964018dedf4, type: 3}
  m_Name: 
  m_EditorClassIdentifier: 
  mCharacter: {fileID: 4800552798955221056}
  mAbilityPool: {fileID: 11400000, guid: bf3bdb2d747f75640a7b6ad3e7c7c5ae, type: 2}
  mBlinkPosWeight: 15
  mBlinkPosRadius: 5
  mMaxBlinkableHeight: 3.1
  mFixedBlinkRadius: 6.3
  mMinimumRadius: 1.1
  mBlinkStartSFX: Blinking
  mBlinkExecuteSFX: Blink
--- !u!1 &4798603044277432148
GameObject:
  m_ObjectHideFlags: 0
  m_CorrespondingSourceObject: {fileID: 0}
  m_PrefabInstance: {fileID: 0}
  m_PrefabAsset: {fileID: 0}
  serializedVersion: 6
  m_Component:
  - component: {fileID: 4795080656545345998}
  - component: {fileID: 4886366203471061532}
  m_Layer: 8
  m_Name: CG
  m_TagString: Untagged
  m_Icon: {fileID: 0}
  m_NavMeshLayer: 0
  m_StaticEditorFlags: 0
  m_IsActive: 1
--- !u!4 &4795080656545345998
Transform:
  m_ObjectHideFlags: 0
  m_CorrespondingSourceObject: {fileID: 0}
  m_PrefabInstance: {fileID: 0}
  m_PrefabAsset: {fileID: 0}
  m_GameObject: {fileID: 4798603044277432148}
  m_LocalRotation: {x: -0.50000036, y: 0.49999967, z: 0.49999967, w: 0.50000036}
  m_LocalPosition: {x: -0, y: 0.30964684, z: 0}
  m_LocalScale: {x: 1, y: 1, z: 1}
  m_Children:
  - {fileID: 4797865366341866156}
  m_Father: {fileID: 4795150423865486822}
  m_RootOrder: 1
  m_LocalEulerAnglesHint: {x: 0, y: 0, z: 0}
--- !u!95 &4886366203471061532
Animator:
  serializedVersion: 3
  m_ObjectHideFlags: 0
  m_CorrespondingSourceObject: {fileID: 0}
  m_PrefabInstance: {fileID: 0}
  m_PrefabAsset: {fileID: 0}
  m_GameObject: {fileID: 4798603044277432148}
  m_Enabled: 1
  m_Avatar: {fileID: 0}
  m_Controller: {fileID: 9100000, guid: a68228626fdce934dbd134326d014bad, type: 2}
  m_CullingMode: 0
  m_UpdateMode: 0
  m_ApplyRootMotion: 0
  m_LinearVelocityBlending: 0
  m_WarningMessage: 
  m_HasTransformHierarchy: 1
  m_AllowConstantClipSamplingOptimization: 1
  m_KeepAnimatorControllerStateOnDisable: 0
--- !u!1 &4798615798201119690
GameObject:
  m_ObjectHideFlags: 0
  m_CorrespondingSourceObject: {fileID: 0}
  m_PrefabInstance: {fileID: 0}
  m_PrefabAsset: {fileID: 0}
  serializedVersion: 6
  m_Component:
  - component: {fileID: 4795106041265131190}
  m_Layer: 8
  m_Name: L Finger3
  m_TagString: Untagged
  m_Icon: {fileID: 0}
  m_NavMeshLayer: 0
  m_StaticEditorFlags: 0
  m_IsActive: 1
--- !u!4 &4795106041265131190
Transform:
  m_ObjectHideFlags: 0
  m_CorrespondingSourceObject: {fileID: 0}
  m_PrefabInstance: {fileID: 0}
  m_PrefabAsset: {fileID: 0}
  m_GameObject: {fileID: 4798615798201119690}
  m_LocalRotation: {x: 0.00012839276, y: 0.14437442, z: -0.042632718, w: 0.9886043}
  m_LocalPosition: {x: -0.03230705, y: 0.01665507, z: 0.011276016}
  m_LocalScale: {x: 1, y: 1, z: 1}
  m_Children:
  - {fileID: 4797765388978080354}
  m_Father: {fileID: 4797680076702728190}
  m_RootOrder: 3
  m_LocalEulerAnglesHint: {x: 0, y: 0, z: 0}
--- !u!1 &4798618808768459510
GameObject:
  m_ObjectHideFlags: 0
  m_CorrespondingSourceObject: {fileID: 0}
  m_PrefabInstance: {fileID: 0}
  m_PrefabAsset: {fileID: 0}
  serializedVersion: 6
  m_Component:
  - component: {fileID: 4797610760952631834}
  - component: {fileID: 4798618808768459511}
  m_Layer: 8
  m_Name: R Forearm
  m_TagString: Untagged
  m_Icon: {fileID: 0}
  m_NavMeshLayer: 0
  m_StaticEditorFlags: 0
  m_IsActive: 1
--- !u!4 &4797610760952631834
Transform:
  m_ObjectHideFlags: 0
  m_CorrespondingSourceObject: {fileID: 0}
  m_PrefabInstance: {fileID: 0}
  m_PrefabAsset: {fileID: 0}
  m_GameObject: {fileID: 4798618808768459510}
  m_LocalRotation: {x: -0.000000031655013, y: 9.205803e-10, z: 0.26617765, w: 0.963924}
  m_LocalPosition: {x: -0.13843812, y: 0, z: -0.000000019073486}
  m_LocalScale: {x: 1, y: 1, z: 1}
  m_Children:
  - {fileID: 4794944194402142598}
  m_Father: {fileID: 4797506807137663004}
  m_RootOrder: 0
  m_LocalEulerAnglesHint: {x: 0, y: 0, z: 0}
--- !u!136 &4798618808768459511
CapsuleCollider:
  m_ObjectHideFlags: 0
  m_CorrespondingSourceObject: {fileID: 0}
  m_PrefabInstance: {fileID: 0}
  m_PrefabAsset: {fileID: 0}
  m_GameObject: {fileID: 4798618808768459510}
  m_Material: {fileID: 0}
  m_IsTrigger: 0
  m_Enabled: 1
  m_Radius: 0.03
  m_Height: 0.3
  m_Direction: 0
  m_Center: {x: -0.015, y: 0, z: 0}
--- !u!1 &4798643478391004898
GameObject:
  m_ObjectHideFlags: 0
  m_CorrespondingSourceObject: {fileID: 0}
  m_PrefabInstance: {fileID: 0}
  m_PrefabAsset: {fileID: 0}
  serializedVersion: 6
  m_Component:
  - component: {fileID: 4795033931687809338}
  m_Layer: 8
  m_Name: Eye R
  m_TagString: Untagged
  m_Icon: {fileID: 0}
  m_NavMeshLayer: 0
  m_StaticEditorFlags: 0
  m_IsActive: 1
--- !u!4 &4795033931687809338
Transform:
  m_ObjectHideFlags: 0
  m_CorrespondingSourceObject: {fileID: 0}
  m_PrefabInstance: {fileID: 0}
  m_PrefabAsset: {fileID: 0}
  m_GameObject: {fileID: 4798643478391004898}
  m_LocalRotation: {x: 0.7068258, y: 0.7073876, z: 0.0000017845455, w: 0.00000009792394}
  m_LocalPosition: {x: -0.007393646, y: 0.10329662, z: -0.026786387}
  m_LocalScale: {x: 1, y: 1, z: 1}
  m_Children: []
  m_Father: {fileID: 4797572149444351524}
  m_RootOrder: 5
  m_LocalEulerAnglesHint: {x: 0, y: 0, z: 0}
--- !u!1 &4798661173888592366
GameObject:
  m_ObjectHideFlags: 0
  m_CorrespondingSourceObject: {fileID: 0}
  m_PrefabInstance: {fileID: 0}
  m_PrefabAsset: {fileID: 0}
  serializedVersion: 6
  m_Component:
  - component: {fileID: 4794939381082267066}
  - component: {fileID: 4798661173888592367}
  m_Layer: 8
  m_Name: L Calf
  m_TagString: Untagged
  m_Icon: {fileID: 0}
  m_NavMeshLayer: 0
  m_StaticEditorFlags: 0
  m_IsActive: 1
--- !u!4 &4794939381082267066
Transform:
  m_ObjectHideFlags: 0
  m_CorrespondingSourceObject: {fileID: 0}
  m_PrefabInstance: {fileID: 0}
  m_PrefabAsset: {fileID: 0}
  m_GameObject: {fileID: 4798661173888592366}
  m_LocalRotation: {x: 0.000000018073594, y: -0.000000008086557, z: 0.2937241, w: 0.95589024}
  m_LocalPosition: {x: -0.149179, y: -0.000000076293944, z: 0.000000009536743}
  m_LocalScale: {x: 1, y: 1, z: 1}
  m_Children:
  - {fileID: 4797793933574846048}
  m_Father: {fileID: 4797950404641017252}
  m_RootOrder: 0
  m_LocalEulerAnglesHint: {x: 0, y: 0, z: 0}
--- !u!136 &4798661173888592367
CapsuleCollider:
  m_ObjectHideFlags: 0
  m_CorrespondingSourceObject: {fileID: 0}
  m_PrefabInstance: {fileID: 0}
  m_PrefabAsset: {fileID: 0}
  m_GameObject: {fileID: 4798661173888592366}
  m_Material: {fileID: 0}
  m_IsTrigger: 0
  m_Enabled: 1
  m_Radius: 0.05
  m_Height: 0.3
  m_Direction: 0
  m_Center: {x: 0, y: 0, z: 0}
--- !u!1 &4798683771398977316
GameObject:
  m_ObjectHideFlags: 0
  m_CorrespondingSourceObject: {fileID: 0}
  m_PrefabInstance: {fileID: 0}
  m_PrefabAsset: {fileID: 0}
  serializedVersion: 6
  m_Component:
  - component: {fileID: 4794802127211598614}
  m_Layer: 8
  m_Name: R Toe0
  m_TagString: Untagged
  m_Icon: {fileID: 0}
  m_NavMeshLayer: 0
  m_StaticEditorFlags: 0
  m_IsActive: 1
--- !u!4 &4794802127211598614
Transform:
  m_ObjectHideFlags: 0
  m_CorrespondingSourceObject: {fileID: 0}
  m_PrefabInstance: {fileID: 0}
  m_PrefabAsset: {fileID: 0}
  m_GameObject: {fileID: 4798683771398977316}
  m_LocalRotation: {x: -5.013926e-13, y: -4.2100386e-13, z: -0.7071068, w: 0.7071068}
  m_LocalPosition: {x: -0.011299531, y: 0.045620687, z: 0}
  m_LocalScale: {x: 1, y: 1, z: 1}
  m_Children: []
  m_Father: {fileID: 4797888438071489834}
  m_RootOrder: 0
  m_LocalEulerAnglesHint: {x: 0, y: 0, z: 0}
--- !u!1 &4798688227175018306
GameObject:
  m_ObjectHideFlags: 0
  m_CorrespondingSourceObject: {fileID: 0}
  m_PrefabInstance: {fileID: 0}
  m_PrefabAsset: {fileID: 0}
  serializedVersion: 6
  m_Component:
  - component: {fileID: 4794853012598575928}
  m_Layer: 8
  m_Name: Tail04
  m_TagString: Untagged
  m_Icon: {fileID: 0}
  m_NavMeshLayer: 0
  m_StaticEditorFlags: 0
  m_IsActive: 1
--- !u!4 &4794853012598575928
Transform:
  m_ObjectHideFlags: 0
  m_CorrespondingSourceObject: {fileID: 0}
  m_PrefabInstance: {fileID: 0}
  m_PrefabAsset: {fileID: 0}
  m_GameObject: {fileID: 4798688227175018306}
  m_LocalRotation: {x: -1.7053026e-13, y: 1.1657342e-14, z: 1.9879295e-27, w: 1}
  m_LocalPosition: {x: -0.067954294, y: -0.000054092405, z: -1.4995748e-10}
  m_LocalScale: {x: 1.0401, y: 1, z: 1}
  m_Children:
  - {fileID: 4794939529681188988}
  m_Father: {fileID: 4794986909128159976}
  m_RootOrder: 0
  m_LocalEulerAnglesHint: {x: 0, y: 0, z: 0}
--- !u!1 &4799964835052190890
GameObject:
  m_ObjectHideFlags: 0
  m_CorrespondingSourceObject: {fileID: 0}
  m_PrefabInstance: {fileID: 0}
  m_PrefabAsset: {fileID: 0}
  serializedVersion: 6
  m_Component:
  - component: {fileID: 4794729138040675072}
  m_Layer: 8
  m_Name: R Finger2
  m_TagString: Untagged
  m_Icon: {fileID: 0}
  m_NavMeshLayer: 0
  m_StaticEditorFlags: 0
  m_IsActive: 1
--- !u!4 &4794729138040675072
Transform:
  m_ObjectHideFlags: 0
  m_CorrespondingSourceObject: {fileID: 0}
  m_PrefabInstance: {fileID: 0}
  m_PrefabAsset: {fileID: 0}
  m_GameObject: {fileID: 4799964835052190890}
  m_LocalRotation: {x: -0.004454275, y: -0.058669753, z: -0.060361918, w: 0.9964409}
  m_LocalPosition: {x: -0.036389615, y: 0.016699279, z: 0.00017892837}
  m_LocalScale: {x: 1, y: 1, z: 1}
  m_Children:
  - {fileID: 4794700939289780384}
  m_Father: {fileID: 4794944194402142598}
  m_RootOrder: 2
  m_LocalEulerAnglesHint: {x: 0, y: 0, z: 0}
--- !u!1 &4799997325642577254
GameObject:
  m_ObjectHideFlags: 0
  m_CorrespondingSourceObject: {fileID: 0}
  m_PrefabInstance: {fileID: 0}
  m_PrefabAsset: {fileID: 0}
  serializedVersion: 6
  m_Component:
  - component: {fileID: 4797888438071489834}
  - component: {fileID: 4799997325642577255}
  m_Layer: 8
  m_Name: R Foot
  m_TagString: Untagged
  m_Icon: {fileID: 0}
  m_NavMeshLayer: 0
  m_StaticEditorFlags: 0
  m_IsActive: 1
--- !u!4 &4797888438071489834
Transform:
  m_ObjectHideFlags: 0
  m_CorrespondingSourceObject: {fileID: 0}
  m_PrefabInstance: {fileID: 0}
  m_PrefabAsset: {fileID: 0}
  m_GameObject: {fileID: 4799997325642577254}
  m_LocalRotation: {x: 0.0008571688, y: -0.016129063, z: 0.3633526, w: 0.9315117}
  m_LocalPosition: {x: -0.05746353, y: 0.000000038146972, z: -0.000000047683713}
  m_LocalScale: {x: 1, y: 1, z: 1}
  m_Children:
  - {fileID: 4794802127211598614}
  m_Father: {fileID: 4797808795572865264}
  m_RootOrder: 0
  m_LocalEulerAnglesHint: {x: 0, y: 0, z: 0}
--- !u!65 &4799997325642577255
BoxCollider:
  m_ObjectHideFlags: 0
  m_CorrespondingSourceObject: {fileID: 0}
  m_PrefabInstance: {fileID: 0}
  m_PrefabAsset: {fileID: 0}
  m_GameObject: {fileID: 4799997325642577254}
  m_Material: {fileID: 0}
  m_IsTrigger: 0
  m_Enabled: 1
  serializedVersion: 2
  m_Size: {x: 0.035, y: 0.08, z: 0.04}
  m_Center: {x: 0, y: 0.03, z: 0}
--- !u!1 &4800035012825272956
GameObject:
  m_ObjectHideFlags: 0
  m_CorrespondingSourceObject: {fileID: 0}
  m_PrefabInstance: {fileID: 0}
  m_PrefabAsset: {fileID: 0}
  serializedVersion: 6
  m_Component:
  - component: {fileID: 4794946511676473184}
  m_Layer: 8
  m_Name: R Clavicle
  m_TagString: Untagged
  m_Icon: {fileID: 0}
  m_NavMeshLayer: 0
  m_StaticEditorFlags: 0
  m_IsActive: 1
--- !u!4 &4794946511676473184
Transform:
  m_ObjectHideFlags: 0
  m_CorrespondingSourceObject: {fileID: 0}
  m_PrefabInstance: {fileID: 0}
  m_PrefabAsset: {fileID: 0}
  m_GameObject: {fileID: 4800035012825272956}
  m_LocalRotation: {x: 0.78879815, y: -0.043471683, z: 0.61047506, w: -0.05681567}
  m_LocalPosition: {x: -0.07793888, y: 0.012021274, z: -0.0028054866}
  m_LocalScale: {x: 1, y: 1, z: 1}
  m_Children:
  - {fileID: 4797506807137663004}
  m_Father: {fileID: 4797848104140264572}
  m_RootOrder: 2
  m_LocalEulerAnglesHint: {x: 0, y: 0, z: 0}
--- !u!1 &4800040486928887502
GameObject:
  m_ObjectHideFlags: 0
  m_CorrespondingSourceObject: {fileID: 0}
  m_PrefabInstance: {fileID: 0}
  m_PrefabAsset: {fileID: 0}
  serializedVersion: 6
  m_Component:
  - component: {fileID: 4794986909128159976}
  - component: {fileID: 4800040486928887503}
  m_Layer: 8
  m_Name: Tail03
  m_TagString: Untagged
  m_Icon: {fileID: 0}
  m_NavMeshLayer: 0
  m_StaticEditorFlags: 0
  m_IsActive: 1
--- !u!4 &4794986909128159976
Transform:
  m_ObjectHideFlags: 0
  m_CorrespondingSourceObject: {fileID: 0}
  m_PrefabInstance: {fileID: 0}
  m_PrefabAsset: {fileID: 0}
  m_GameObject: {fileID: 4800040486928887502}
  m_LocalRotation: {x: -1.7053026e-13, y: 1.15463195e-14, z: 1.968997e-27, w: 1}
  m_LocalPosition: {x: -0.069108, y: 0.010649, z: 0.000000016561}
  m_LocalScale: {x: 0.7694042, y: 1.5351804, z: 2.0026946}
  m_Children:
  - {fileID: 4794853012598575928}
  m_Father: {fileID: 4797861073609268598}
  m_RootOrder: 0
  m_LocalEulerAnglesHint: {x: 0, y: 0, z: 0}
--- !u!136 &4800040486928887503
CapsuleCollider:
  m_ObjectHideFlags: 0
  m_CorrespondingSourceObject: {fileID: 0}
  m_PrefabInstance: {fileID: 0}
  m_PrefabAsset: {fileID: 0}
  m_GameObject: {fileID: 4800040486928887502}
  m_Material: {fileID: 0}
  m_IsTrigger: 0
  m_Enabled: 1
  m_Radius: 0.015
  m_Height: 0.2
  m_Direction: 0
  m_Center: {x: -0.005, y: -0.02, z: 0}
--- !u!1 &4800065771740463600
GameObject:
  m_ObjectHideFlags: 0
  m_CorrespondingSourceObject: {fileID: 0}
  m_PrefabInstance: {fileID: 0}
  m_PrefabAsset: {fileID: 0}
  serializedVersion: 6
  m_Component:
  - component: {fileID: 4797657139560141088}
  m_Layer: 8
  m_Name: L Finger11
  m_TagString: Untagged
  m_Icon: {fileID: 0}
  m_NavMeshLayer: 0
  m_StaticEditorFlags: 0
  m_IsActive: 1
--- !u!4 &4797657139560141088
Transform:
  m_ObjectHideFlags: 0
  m_CorrespondingSourceObject: {fileID: 0}
  m_PrefabInstance: {fileID: 0}
  m_PrefabAsset: {fileID: 0}
  m_GameObject: {fileID: 4800065771740463600}
  m_LocalRotation: {x: -2.3283064e-10, y: 0.00000000428372, z: 5.820766e-11, w: 1}
  m_LocalPosition: {x: -0.0131439585, y: 5.9604643e-10, z: 0}
  m_LocalScale: {x: 1, y: 1, z: 1}
  m_Children: []
  m_Father: {fileID: 4797557051466203584}
  m_RootOrder: 0
  m_LocalEulerAnglesHint: {x: 0, y: 0, z: 0}
--- !u!1 &4800075976145445912
GameObject:
  m_ObjectHideFlags: 0
  m_CorrespondingSourceObject: {fileID: 0}
  m_PrefabInstance: {fileID: 0}
  m_PrefabAsset: {fileID: 0}
  serializedVersion: 6
  m_Component:
  - component: {fileID: 4797808795572865264}
  m_Layer: 8
  m_Name: R HorseLink
  m_TagString: Untagged
  m_Icon: {fileID: 0}
  m_NavMeshLayer: 0
  m_StaticEditorFlags: 0
  m_IsActive: 1
--- !u!4 &4797808795572865264
Transform:
  m_ObjectHideFlags: 0
  m_CorrespondingSourceObject: {fileID: 0}
  m_PrefabInstance: {fileID: 0}
  m_PrefabAsset: {fileID: 0}
  m_GameObject: {fileID: 4800075976145445912}
  m_LocalRotation: {x: 0.000000018931498, y: 0.0000000031979766, z: -0.6602383, w: 0.7510562}
  m_LocalPosition: {x: -0.12587595, y: -0.000000038146972, z: 0}
  m_LocalScale: {x: 1, y: 1, z: 1}
  m_Children:
  - {fileID: 4797888438071489834}
  m_Father: {fileID: 4797809629795333846}
  m_RootOrder: 0
  m_LocalEulerAnglesHint: {x: 0, y: 0, z: 0}
--- !u!1 &4800083731600073632
GameObject:
  m_ObjectHideFlags: 0
  m_CorrespondingSourceObject: {fileID: 0}
  m_PrefabInstance: {fileID: 0}
  m_PrefabAsset: {fileID: 0}
  serializedVersion: 6
  m_Component:
  - component: {fileID: 4795001889743240180}
  - component: {fileID: 865313997}
  m_Layer: 8
  m_Name: Spine
  m_TagString: Untagged
  m_Icon: {fileID: 0}
  m_NavMeshLayer: 0
  m_StaticEditorFlags: 0
  m_IsActive: 1
--- !u!4 &4795001889743240180
Transform:
  m_ObjectHideFlags: 0
  m_CorrespondingSourceObject: {fileID: 0}
  m_PrefabInstance: {fileID: 0}
  m_PrefabAsset: {fileID: 0}
  m_GameObject: {fileID: 4800083731600073632}
  m_LocalRotation: {x: -0.00000022831057, y: -0.0000002756049, z: -0.7433528, w: 0.6688996}
  m_LocalPosition: {x: -0.015944766, y: 0.022888327, z: -0.00000021000318}
  m_LocalScale: {x: 1, y: 1, z: 1}
  m_Children:
  - {fileID: 4794877040913634546}
  - {fileID: 4797950404641017252}
  - {fileID: 4794799566045006472}
  m_Father: {fileID: 4797865366341866156}
  m_RootOrder: 0
  m_LocalEulerAnglesHint: {x: 0, y: 0, z: 0}
--- !u!136 &865313997
CapsuleCollider:
  m_ObjectHideFlags: 0
  m_CorrespondingSourceObject: {fileID: 0}
  m_PrefabInstance: {fileID: 0}
  m_PrefabAsset: {fileID: 0}
  m_GameObject: {fileID: 4800083731600073632}
  m_Material: {fileID: 0}
  m_IsTrigger: 0
  m_Enabled: 1
  m_Radius: 0.1
  m_Height: 0.6
  m_Direction: 0
  m_Center: {x: -0.12, y: 0.05, z: 0}
--- !u!1 &4800085086261197006
GameObject:
  m_ObjectHideFlags: 0
  m_CorrespondingSourceObject: {fileID: 0}
  m_PrefabInstance: {fileID: 0}
  m_PrefabAsset: {fileID: 0}
  serializedVersion: 6
  m_Component:
  - component: {fileID: 4794877040913634546}
  m_Layer: 8
  m_Name: Spine1
  m_TagString: Untagged
  m_Icon: {fileID: 0}
  m_NavMeshLayer: 0
  m_StaticEditorFlags: 0
  m_IsActive: 1
--- !u!4 &4794877040913634546
Transform:
  m_ObjectHideFlags: 0
  m_CorrespondingSourceObject: {fileID: 0}
  m_PrefabInstance: {fileID: 0}
  m_PrefabAsset: {fileID: 0}
  m_GameObject: {fileID: 4800085086261197006}
  m_LocalRotation: {x: 9.040204e-14, y: -0.00000010405211, z: 0.03751519, w: 0.99929607}
  m_LocalPosition: {x: -0.11419365, y: -0.00009067535, z: -2.5138433e-10}
  m_LocalScale: {x: 1, y: 1, z: 1}
  m_Children:
  - {fileID: 4797848104140264572}
  m_Father: {fileID: 4795001889743240180}
  m_RootOrder: 0
  m_LocalEulerAnglesHint: {x: 0, y: 0, z: 0}
--- !u!1 &4800089983159173256
GameObject:
  m_ObjectHideFlags: 0
  m_CorrespondingSourceObject: {fileID: 0}
  m_PrefabInstance: {fileID: 0}
  m_PrefabAsset: {fileID: 0}
  serializedVersion: 6
  m_Component:
  - component: {fileID: 4795197740749719502}
  m_Layer: 8
  m_Name: Cheek R
  m_TagString: Untagged
  m_Icon: {fileID: 0}
  m_NavMeshLayer: 0
  m_StaticEditorFlags: 0
  m_IsActive: 1
--- !u!4 &4795197740749719502
Transform:
  m_ObjectHideFlags: 0
  m_CorrespondingSourceObject: {fileID: 0}
  m_PrefabInstance: {fileID: 0}
  m_PrefabAsset: {fileID: 0}
  m_GameObject: {fileID: 4800089983159173256}
  m_LocalRotation: {x: -0.080920994, y: -0.6319555, z: -0.13811888, w: 0.7582923}
  m_LocalPosition: {x: 0.028587608, y: 0.12596245, z: -0.0040851994}
  m_LocalScale: {x: 1, y: 1, z: 1}
  m_Children: []
  m_Father: {fileID: 4797572149444351524}
  m_RootOrder: 3
  m_LocalEulerAnglesHint: {x: 0, y: 0, z: 0}
--- !u!1 &4800117181731869368
GameObject:
  m_ObjectHideFlags: 0
  m_CorrespondingSourceObject: {fileID: 0}
  m_PrefabInstance: {fileID: 0}
  m_PrefabAsset: {fileID: 0}
  serializedVersion: 6
  m_Component:
  - component: {fileID: 4797820678019966666}
  m_Layer: 8
  m_Name: Tail01
  m_TagString: Untagged
  m_Icon: {fileID: 0}
  m_NavMeshLayer: 0
  m_StaticEditorFlags: 0
  m_IsActive: 1
--- !u!4 &4797820678019966666
Transform:
  m_ObjectHideFlags: 0
  m_CorrespondingSourceObject: {fileID: 0}
  m_PrefabInstance: {fileID: 0}
  m_PrefabAsset: {fileID: 0}
  m_GameObject: {fileID: 4800117181731869368}
  m_LocalRotation: {x: -0.0000009813966, y: 3.9046644e-10, z: 0.7068252, w: 0.7073883}
  m_LocalPosition: {x: -0.04, y: -0.049, z: -0}
  m_LocalScale: {x: 1.3096, y: 1.3096, z: 1.3096}
  m_Children:
  - {fileID: 4797861073609268598}
  m_Father: {fileID: 4797865366341866156}
  m_RootOrder: 1
  m_LocalEulerAnglesHint: {x: 0, y: 0, z: 0}
--- !u!1 &4800155787895434394
GameObject:
  m_ObjectHideFlags: 0
  m_CorrespondingSourceObject: {fileID: 0}
  m_PrefabInstance: {fileID: 0}
  m_PrefabAsset: {fileID: 0}
  serializedVersion: 6
  m_Component:
  - component: {fileID: 4797824508377104454}
  m_Layer: 8
  m_Name: Neck
  m_TagString: Untagged
  m_Icon: {fileID: 0}
  m_NavMeshLayer: 0
  m_StaticEditorFlags: 0
  m_IsActive: 1
--- !u!4 &4797824508377104454
Transform:
  m_ObjectHideFlags: 0
  m_CorrespondingSourceObject: {fileID: 0}
  m_PrefabInstance: {fileID: 0}
  m_PrefabAsset: {fileID: 0}
  m_GameObject: {fileID: 4800155787895434394}
  m_LocalRotation: {x: -0.0000005116143, y: -0.0000004449194, z: -0.024341594, w: 0.9997037}
  m_LocalPosition: {x: -0.12122887, y: -0.024104195, z: -0.00000000680885}
  m_LocalScale: {x: 1, y: 1, z: 1}
  m_Children:
  - {fileID: 4797572149444351524}
  m_Father: {fileID: 4797848104140264572}
  m_RootOrder: 0
  m_LocalEulerAnglesHint: {x: 0, y: 0, z: 0}
--- !u!1 &4800157925651874474
GameObject:
  m_ObjectHideFlags: 0
  m_CorrespondingSourceObject: {fileID: 0}
  m_PrefabInstance: {fileID: 0}
  m_PrefabAsset: {fileID: 0}
  serializedVersion: 6
  m_Component:
  - component: {fileID: 4797848104140264572}
  m_Layer: 8
  m_Name: Spine2
  m_TagString: Untagged
  m_Icon: {fileID: 0}
  m_NavMeshLayer: 0
  m_StaticEditorFlags: 0
  m_IsActive: 1
--- !u!4 &4797848104140264572
Transform:
  m_ObjectHideFlags: 0
  m_CorrespondingSourceObject: {fileID: 0}
  m_PrefabInstance: {fileID: 0}
  m_PrefabAsset: {fileID: 0}
  m_GameObject: {fileID: 4800157925651874474}
  m_LocalRotation: {x: 2.089217e-13, y: -0.00000010405204, z: 0.03751519, w: 0.99929607}
  m_LocalPosition: {x: -0.11419255, y: -0.00010494232, z: -2.9098374e-10}
  m_LocalScale: {x: 1, y: 1, z: 1}
  m_Children:
  - {fileID: 4797824508377104454}
  - {fileID: 4794973840884687860}
  - {fileID: 4794946511676473184}
  m_Father: {fileID: 4794877040913634546}
  m_RootOrder: 0
  m_LocalEulerAnglesHint: {x: 0, y: 0, z: 0}
--- !u!1 &4800167707214669428
GameObject:
  m_ObjectHideFlags: 0
  m_CorrespondingSourceObject: {fileID: 0}
  m_PrefabInstance: {fileID: 0}
  m_PrefabAsset: {fileID: 0}
  serializedVersion: 6
  m_Component:
  - component: {fileID: 4797861073609268598}
  m_Layer: 8
  m_Name: Tail02
  m_TagString: Untagged
  m_Icon: {fileID: 0}
  m_NavMeshLayer: 0
  m_StaticEditorFlags: 0
  m_IsActive: 1
--- !u!4 &4797861073609268598
Transform:
  m_ObjectHideFlags: 0
  m_CorrespondingSourceObject: {fileID: 0}
  m_PrefabInstance: {fileID: 0}
  m_PrefabAsset: {fileID: 0}
  m_GameObject: {fileID: 4800167707214669428}
  m_LocalRotation: {x: -1.7053026e-13, y: 1.1490808e-14, z: 1.9595307e-27, w: 1}
  m_LocalPosition: {x: -0.0014, y: 0.005, z: 0}
  m_LocalScale: {x: 1.2266, y: 1.2266, z: 1.2266}
  m_Children:
  - {fileID: 4794986909128159976}
  m_Father: {fileID: 4797820678019966666}
  m_RootOrder: 0
  m_LocalEulerAnglesHint: {x: 0, y: 0, z: 0}
--- !u!1 &4800206525961551654
GameObject:
  m_ObjectHideFlags: 0
  m_CorrespondingSourceObject: {fileID: 0}
  m_PrefabInstance: {fileID: 0}
  m_PrefabAsset: {fileID: 0}
  serializedVersion: 6
  m_Component:
  - component: {fileID: 4794700939289780384}
  m_Layer: 8
  m_Name: R Finger21
  m_TagString: Untagged
  m_Icon: {fileID: 0}
  m_NavMeshLayer: 0
  m_StaticEditorFlags: 0
  m_IsActive: 1
--- !u!4 &4794700939289780384
Transform:
  m_ObjectHideFlags: 0
  m_CorrespondingSourceObject: {fileID: 0}
  m_PrefabInstance: {fileID: 0}
  m_PrefabAsset: {fileID: 0}
  m_GameObject: {fileID: 4800206525961551654}
  m_LocalRotation: {x: 9.313226e-10, y: -0.0000000017462298, z: 1.6263033e-18, w: 1}
  m_LocalPosition: {x: -0.016587524, y: 0.0000000047683715, z: -0.000000009536743}
  m_LocalScale: {x: 1, y: 1, z: 1}
  m_Children: []
  m_Father: {fileID: 4794729138040675072}
  m_RootOrder: 0
  m_LocalEulerAnglesHint: {x: 0, y: 0, z: 0}
--- !u!1 &4800214088893046382
GameObject:
  m_ObjectHideFlags: 0
  m_CorrespondingSourceObject: {fileID: 0}
  m_PrefabInstance: {fileID: 0}
  m_PrefabAsset: {fileID: 0}
  serializedVersion: 6
  m_Component:
  - component: {fileID: 4794902759810373452}
  m_Layer: 8
  m_Name: L UpperArm
  m_TagString: Untagged
  m_Icon: {fileID: 0}
  m_NavMeshLayer: 0
  m_StaticEditorFlags: 0
  m_IsActive: 1
--- !u!4 &4794902759810373452
Transform:
  m_ObjectHideFlags: 0
  m_CorrespondingSourceObject: {fileID: 0}
  m_PrefabInstance: {fileID: 0}
  m_PrefabAsset: {fileID: 0}
  m_GameObject: {fileID: 4800214088893046382}
  m_LocalRotation: {x: -0.41859734, y: -0.5425294, z: 0.39252797, w: 0.6134819}
  m_LocalPosition: {x: -0.06855968, y: 0.000000019073486, z: -0.000000038146972}
  m_LocalScale: {x: 1, y: 1, z: 1}
  m_Children:
  - {fileID: 4797564540596604306}
  m_Father: {fileID: 4794973840884687860}
  m_RootOrder: 0
  m_LocalEulerAnglesHint: {x: 0, y: 0, z: 0}
--- !u!1 &4800228152321779724
GameObject:
  m_ObjectHideFlags: 0
  m_CorrespondingSourceObject: {fileID: 0}
  m_PrefabInstance: {fileID: 0}
  m_PrefabAsset: {fileID: 0}
  serializedVersion: 6
  m_Component:
  - component: {fileID: 4794799566045006472}
  m_Layer: 8
  m_Name: R Thigh
  m_TagString: Untagged
  m_Icon: {fileID: 0}
  m_NavMeshLayer: 0
  m_StaticEditorFlags: 0
  m_IsActive: 1
--- !u!4 &4794799566045006472
Transform:
  m_ObjectHideFlags: 0
  m_CorrespondingSourceObject: {fileID: 0}
  m_PrefabInstance: {fileID: 0}
  m_PrefabAsset: {fileID: 0}
  m_GameObject: {fileID: 4800228152321779724}
  m_LocalRotation: {x: 0.7064111, y: -0.70532465, z: 0.04790123, w: -0.03472685}
  m_LocalPosition: {x: 0.021084897, y: 0.018262958, z: -0.0881872}
  m_LocalScale: {x: 1, y: 1, z: 1}
  m_Children:
  - {fileID: 4797809629795333846}
  m_Father: {fileID: 4795001889743240180}
  m_RootOrder: 2
  m_LocalEulerAnglesHint: {x: 0, y: 0, z: 0}
--- !u!1 &4800283459159943298
GameObject:
  m_ObjectHideFlags: 0
  m_CorrespondingSourceObject: {fileID: 0}
  m_PrefabInstance: {fileID: 0}
  m_PrefabAsset: {fileID: 0}
  serializedVersion: 6
  m_Component:
  - component: {fileID: 4795139409187018882}
  m_Layer: 8
  m_Name: R Finger4
  m_TagString: Untagged
  m_Icon: {fileID: 0}
  m_NavMeshLayer: 0
  m_StaticEditorFlags: 0
  m_IsActive: 1
--- !u!4 &4795139409187018882
Transform:
  m_ObjectHideFlags: 0
  m_CorrespondingSourceObject: {fileID: 0}
  m_PrefabInstance: {fileID: 0}
  m_PrefabAsset: {fileID: 0}
  m_GameObject: {fileID: 4800283459159943298}
  m_LocalRotation: {x: 0.003014677, y: -0.2881732, z: -0.071476415, w: 0.95490223}
  m_LocalPosition: {x: -0.02213375, y: 0.01810615, z: -0.016004944}
  m_LocalScale: {x: 1, y: 1, z: 1}
  m_Children:
  - {fileID: 4795046893849985976}
  m_Father: {fileID: 4794944194402142598}
  m_RootOrder: 4
  m_LocalEulerAnglesHint: {x: 0, y: 0, z: 0}
--- !u!1 &4800297328317111402
GameObject:
  m_ObjectHideFlags: 0
  m_CorrespondingSourceObject: {fileID: 0}
  m_PrefabInstance: {fileID: 0}
  m_PrefabAsset: {fileID: 0}
  serializedVersion: 6
  m_Component:
  - component: {fileID: 4794926600781503636}
  m_Layer: 8
  m_Name: L Finger21
  m_TagString: Untagged
  m_Icon: {fileID: 0}
  m_NavMeshLayer: 0
  m_StaticEditorFlags: 0
  m_IsActive: 1
--- !u!4 &4794926600781503636
Transform:
  m_ObjectHideFlags: 0
  m_CorrespondingSourceObject: {fileID: 0}
  m_PrefabInstance: {fileID: 0}
  m_PrefabAsset: {fileID: 0}
  m_GameObject: {fileID: 4800297328317111402}
  m_LocalRotation: {x: -8.6736174e-19, y: -2.3283064e-10, z: -0.0000000037252903,
    w: 1}
  m_LocalPosition: {x: -0.016587447, y: 0.0000000047683715, z: -0.000000009536743}
  m_LocalScale: {x: 1, y: 1, z: 1}
  m_Children: []
  m_Father: {fileID: 4794719825856375140}
  m_RootOrder: 0
  m_LocalEulerAnglesHint: {x: 0, y: 0, z: 0}
--- !u!1 &4800320168497080574
GameObject:
  m_ObjectHideFlags: 0
  m_CorrespondingSourceObject: {fileID: 0}
  m_PrefabInstance: {fileID: 0}
  m_PrefabAsset: {fileID: 0}
  serializedVersion: 6
  m_Component:
  - component: {fileID: 4794719825856375140}
  m_Layer: 8
  m_Name: L Finger2
  m_TagString: Untagged
  m_Icon: {fileID: 0}
  m_NavMeshLayer: 0
  m_StaticEditorFlags: 0
  m_IsActive: 1
--- !u!4 &4794719825856375140
Transform:
  m_ObjectHideFlags: 0
  m_CorrespondingSourceObject: {fileID: 0}
  m_PrefabInstance: {fileID: 0}
  m_PrefabAsset: {fileID: 0}
  m_GameObject: {fileID: 4800320168497080574}
  m_LocalRotation: {x: 0.004454277, y: 0.05866977, z: -0.060361926, w: 0.9964409}
  m_LocalPosition: {x: -0.03638954, y: 0.016699284, z: -0.00017892837}
  m_LocalScale: {x: 1, y: 1, z: 1}
  m_Children:
  - {fileID: 4794926600781503636}
  m_Father: {fileID: 4797680076702728190}
  m_RootOrder: 2
  m_LocalEulerAnglesHint: {x: 0, y: 0, z: 0}
--- !u!1 &4800328280396644506
GameObject:
  m_ObjectHideFlags: 0
  m_CorrespondingSourceObject: {fileID: 0}
  m_PrefabInstance: {fileID: 0}
  m_PrefabAsset: {fileID: 0}
  serializedVersion: 6
  m_Component:
  - component: {fileID: 4797951642616252794}
  m_Layer: 8
  m_Name: L Finger01
  m_TagString: Untagged
  m_Icon: {fileID: 0}
  m_NavMeshLayer: 0
  m_StaticEditorFlags: 0
  m_IsActive: 1
--- !u!4 &4797951642616252794
Transform:
  m_ObjectHideFlags: 0
  m_CorrespondingSourceObject: {fileID: 0}
  m_PrefabInstance: {fileID: 0}
  m_PrefabAsset: {fileID: 0}
  m_GameObject: {fileID: 4800328280396644506}
  m_LocalRotation: {x: 1.5265568e-16, y: 0.000000020489097, z: -0.000000007450581,
    w: 1}
  m_LocalPosition: {x: -0.015793208, y: 0, z: 0.000000019073486}
  m_LocalScale: {x: 1, y: 1, z: 1}
  m_Children: []
  m_Father: {fileID: 4797887313424196664}
  m_RootOrder: 0
  m_LocalEulerAnglesHint: {x: 0, y: 0, z: 0}
--- !u!1 &4800348872759030276
GameObject:
  m_ObjectHideFlags: 0
  m_CorrespondingSourceObject: {fileID: 0}
  m_PrefabInstance: {fileID: 0}
  m_PrefabAsset: {fileID: 0}
  serializedVersion: 6
  m_Component:
  - component: {fileID: 4797887313424196664}
  m_Layer: 8
  m_Name: L Finger0
  m_TagString: Untagged
  m_Icon: {fileID: 0}
  m_NavMeshLayer: 0
  m_StaticEditorFlags: 0
  m_IsActive: 1
--- !u!4 &4797887313424196664
Transform:
  m_ObjectHideFlags: 0
  m_CorrespondingSourceObject: {fileID: 0}
  m_PrefabInstance: {fileID: 0}
  m_PrefabAsset: {fileID: 0}
  m_GameObject: {fileID: 4800348872759030276}
  m_LocalRotation: {x: 0.030424703, y: -0.2895531, z: -0.094410814, w: 0.95200837}
  m_LocalPosition: {x: -0.016840057, y: 0.016104147, z: -0.017231654}
  m_LocalScale: {x: 1, y: 1, z: 1}
  m_Children:
  - {fileID: 4797951642616252794}
  m_Father: {fileID: 4797680076702728190}
  m_RootOrder: 0
  m_LocalEulerAnglesHint: {x: 0, y: 0, z: 0}
--- !u!1 &4800380497517600962
GameObject:
  m_ObjectHideFlags: 0
  m_CorrespondingSourceObject: {fileID: 0}
  m_PrefabInstance: {fileID: 0}
  m_PrefabAsset: {fileID: 0}
  serializedVersion: 6
  m_Component:
  - component: {fileID: 4797652060373757730}
  m_Layer: 8
  m_Name: Eye L
  m_TagString: Untagged
  m_Icon: {fileID: 0}
  m_NavMeshLayer: 0
  m_StaticEditorFlags: 0
  m_IsActive: 1
--- !u!4 &4797652060373757730
Transform:
  m_ObjectHideFlags: 0
  m_CorrespondingSourceObject: {fileID: 0}
  m_PrefabInstance: {fileID: 0}
  m_PrefabAsset: {fileID: 0}
  m_GameObject: {fileID: 4800380497517600962}
  m_LocalRotation: {x: 0.7068258, y: 0.7073876, z: 0.0000017845455, w: 0.00000009792394}
  m_LocalPosition: {x: -0.007393646, y: 0.1032965, z: 0.026786953}
  m_LocalScale: {x: 1, y: 1, z: 1}
  m_Children: []
  m_Father: {fileID: 4797572149444351524}
  m_RootOrder: 4
  m_LocalEulerAnglesHint: {x: 0, y: 0, z: 0}
--- !u!1 &4800413624518245680
GameObject:
  m_ObjectHideFlags: 0
  m_CorrespondingSourceObject: {fileID: 0}
  m_PrefabInstance: {fileID: 0}
  m_PrefabAsset: {fileID: 0}
  serializedVersion: 6
  m_Component:
  - component: {fileID: 4794944194402142598}
  m_Layer: 8
  m_Name: R Hand
  m_TagString: Untagged
  m_Icon: {fileID: 0}
  m_NavMeshLayer: 0
  m_StaticEditorFlags: 0
  m_IsActive: 1
--- !u!4 &4794944194402142598
Transform:
  m_ObjectHideFlags: 0
  m_CorrespondingSourceObject: {fileID: 0}
  m_PrefabInstance: {fileID: 0}
  m_PrefabAsset: {fileID: 0}
  m_GameObject: {fileID: 4800413624518245680}
  m_LocalRotation: {x: 0.0199531, y: -0.060479637, z: 0.6023022, w: 0.7957237}
  m_LocalPosition: {x: -0.14124452, y: 0.000000019073486, z: 0.000000038146972}
  m_LocalScale: {x: 1, y: 1, z: 1}
  m_Children:
  - {fileID: 4795078322500002344}
  - {fileID: 4797486922051122456}
  - {fileID: 4794729138040675072}
  - {fileID: 4797969365327920798}
  - {fileID: 4795139409187018882}
  m_Father: {fileID: 4797610760952631834}
  m_RootOrder: 0
  m_LocalEulerAnglesHint: {x: 0, y: 0, z: 0}
--- !u!1 &4800415007632973036
GameObject:
  m_ObjectHideFlags: 0
  m_CorrespondingSourceObject: {fileID: 0}
  m_PrefabInstance: {fileID: 0}
  m_PrefabAsset: {fileID: 0}
  serializedVersion: 6
  m_Component:
  - component: {fileID: 4795046893849985976}
  m_Layer: 8
  m_Name: R Finger41
  m_TagString: Untagged
  m_Icon: {fileID: 0}
  m_NavMeshLayer: 0
  m_StaticEditorFlags: 0
  m_IsActive: 1
--- !u!4 &4795046893849985976
Transform:
  m_ObjectHideFlags: 0
  m_CorrespondingSourceObject: {fileID: 0}
  m_PrefabInstance: {fileID: 0}
  m_PrefabAsset: {fileID: 0}
  m_GameObject: {fileID: 4800415007632973036}
  m_LocalRotation: {x: -0.0000000055879354, y: 0.0000000016298142, z: 0.000000007450579,
    w: 1}
  m_LocalPosition: {x: -0.013302727, y: 0, z: 0.0000000047683715}
  m_LocalScale: {x: 1, y: 1, z: 1}
  m_Children: []
  m_Father: {fileID: 4795139409187018882}
  m_RootOrder: 0
  m_LocalEulerAnglesHint: {x: 0, y: 0, z: 0}
--- !u!1 &4800419388217072170
GameObject:
  m_ObjectHideFlags: 0
  m_CorrespondingSourceObject: {fileID: 0}
  m_PrefabInstance: {fileID: 0}
  m_PrefabAsset: {fileID: 0}
  serializedVersion: 6
  m_Component:
  - component: {fileID: 4797486922051122456}
  m_Layer: 8
  m_Name: R Finger1
  m_TagString: Untagged
  m_Icon: {fileID: 0}
  m_NavMeshLayer: 0
  m_StaticEditorFlags: 0
  m_IsActive: 1
--- !u!4 &4797486922051122456
Transform:
  m_ObjectHideFlags: 0
  m_CorrespondingSourceObject: {fileID: 0}
  m_PrefabInstance: {fileID: 0}
  m_PrefabAsset: {fileID: 0}
  m_GameObject: {fileID: 4800419388217072170}
  m_LocalRotation: {x: 0.00045603717, y: 0.06414333, z: -0.00040232178, w: 0.99794054}
  m_LocalPosition: {x: -0.03322113, y: 0.016867237, z: 0.011399173}
  m_LocalScale: {x: 1, y: 1, z: 1}
  m_Children:
  - {fileID: 4797884136205235786}
  m_Father: {fileID: 4794944194402142598}
  m_RootOrder: 1
  m_LocalEulerAnglesHint: {x: 0, y: 0, z: 0}
--- !u!1 &4800422332180772284
GameObject:
  m_ObjectHideFlags: 0
  m_CorrespondingSourceObject: {fileID: 0}
  m_PrefabInstance: {fileID: 0}
  m_PrefabAsset: {fileID: 0}
  serializedVersion: 6
  m_Component:
  - component: {fileID: 4797564540596604306}
  - component: {fileID: 4800422332180772285}
  m_Layer: 8
  m_Name: L Forearm
  m_TagString: Untagged
  m_Icon: {fileID: 0}
  m_NavMeshLayer: 0
  m_StaticEditorFlags: 0
  m_IsActive: 1
--- !u!4 &4797564540596604306
Transform:
  m_ObjectHideFlags: 0
  m_CorrespondingSourceObject: {fileID: 0}
  m_PrefabInstance: {fileID: 0}
  m_PrefabAsset: {fileID: 0}
  m_GameObject: {fileID: 4800422332180772284}
  m_LocalRotation: {x: 0.000000015308245, y: 0.000000002294856, z: 0.26617762, w: 0.96392405}
  m_LocalPosition: {x: -0.13843818, y: -0.000000038146972, z: 0.000000019073486}
  m_LocalScale: {x: 1, y: 1, z: 1}
  m_Children:
  - {fileID: 4797680076702728190}
  m_Father: {fileID: 4794902759810373452}
  m_RootOrder: 0
  m_LocalEulerAnglesHint: {x: 0, y: 0, z: 0}
--- !u!136 &4800422332180772285
CapsuleCollider:
  m_ObjectHideFlags: 0
  m_CorrespondingSourceObject: {fileID: 0}
  m_PrefabInstance: {fileID: 0}
  m_PrefabAsset: {fileID: 0}
  m_GameObject: {fileID: 4800422332180772284}
  m_Material: {fileID: 0}
  m_IsTrigger: 0
  m_Enabled: 1
  m_Radius: 0.03
  m_Height: 0.3
  m_Direction: 0
  m_Center: {x: -0.015, y: 0, z: 0}
--- !u!1 &4800428050167701666
GameObject:
  m_ObjectHideFlags: 0
  m_CorrespondingSourceObject: {fileID: 0}
  m_PrefabInstance: {fileID: 0}
  m_PrefabAsset: {fileID: 0}
  serializedVersion: 6
  m_Component:
  - component: {fileID: 4797969365327920798}
  m_Layer: 8
  m_Name: R Finger3
  m_TagString: Untagged
  m_Icon: {fileID: 0}
  m_NavMeshLayer: 0
  m_StaticEditorFlags: 0
  m_IsActive: 1
--- !u!4 &4797969365327920798
Transform:
  m_ObjectHideFlags: 0
  m_CorrespondingSourceObject: {fileID: 0}
  m_PrefabInstance: {fileID: 0}
  m_PrefabAsset: {fileID: 0}
  m_GameObject: {fileID: 4800428050167701666}
  m_LocalRotation: {x: -0.0001283952, y: -0.14437445, z: -0.04263273, w: 0.9886043}
  m_LocalPosition: {x: -0.03230713, y: 0.016655063, z: -0.011276016}
  m_LocalScale: {x: 1, y: 1, z: 1}
  m_Children:
  - {fileID: 4794865804035752064}
  m_Father: {fileID: 4794944194402142598}
  m_RootOrder: 3
  m_LocalEulerAnglesHint: {x: 0, y: 0, z: 0}
--- !u!1 &4800442287962045326
GameObject:
  m_ObjectHideFlags: 0
  m_CorrespondingSourceObject: {fileID: 0}
  m_PrefabInstance: {fileID: 0}
  m_PrefabAsset: {fileID: 0}
  serializedVersion: 6
  m_Component:
  - component: {fileID: 4795140729711903910}
  - component: {fileID: 4800442287962045327}
  m_Layer: 8
  m_Name: L Foot
  m_TagString: Untagged
  m_Icon: {fileID: 0}
  m_NavMeshLayer: 0
  m_StaticEditorFlags: 0
  m_IsActive: 1
--- !u!4 &4795140729711903910
Transform:
  m_ObjectHideFlags: 0
  m_CorrespondingSourceObject: {fileID: 0}
  m_PrefabInstance: {fileID: 0}
  m_PrefabAsset: {fileID: 0}
  m_GameObject: {fileID: 4800442287962045326}
  m_LocalRotation: {x: -0.0008571358, y: 0.016128983, z: 0.36335266, w: 0.9315117}
  m_LocalPosition: {x: -0.0574635, y: 0.0000000333786, z: -0.000000038146972}
  m_LocalScale: {x: 1, y: 1, z: 1}
  m_Children:
  - {fileID: 4794967266420990118}
  m_Father: {fileID: 4797793933574846048}
  m_RootOrder: 0
  m_LocalEulerAnglesHint: {x: 0, y: 0, z: 0}
--- !u!65 &4800442287962045327
BoxCollider:
  m_ObjectHideFlags: 0
  m_CorrespondingSourceObject: {fileID: 0}
  m_PrefabInstance: {fileID: 0}
  m_PrefabAsset: {fileID: 0}
  m_GameObject: {fileID: 4800442287962045326}
  m_Material: {fileID: 0}
  m_IsTrigger: 0
  m_Enabled: 1
  serializedVersion: 2
  m_Size: {x: 0.035, y: 0.08, z: 0.04}
  m_Center: {x: 0, y: 0.03, z: 0}
--- !u!1 &4800452150347406990
GameObject:
  m_ObjectHideFlags: 0
  m_CorrespondingSourceObject: {fileID: 0}
  m_PrefabInstance: {fileID: 0}
  m_PrefabAsset: {fileID: 0}
  serializedVersion: 6
  m_Component:
  - component: {fileID: 4797884136205235786}
  m_Layer: 8
  m_Name: R Finger11
  m_TagString: Untagged
  m_Icon: {fileID: 0}
  m_NavMeshLayer: 0
  m_StaticEditorFlags: 0
  m_IsActive: 1
--- !u!4 &4797884136205235786
Transform:
  m_ObjectHideFlags: 0
  m_CorrespondingSourceObject: {fileID: 0}
  m_PrefabInstance: {fileID: 0}
  m_PrefabAsset: {fileID: 0}
  m_GameObject: {fileID: 4800452150347406990}
  m_LocalRotation: {x: 2.3283059e-10, y: -0.000000015219937, z: -5.820765e-11, w: 1}
  m_LocalPosition: {x: -0.0131439585, y: 0.0000000017881393, z: 0.000000009536743}
  m_LocalScale: {x: 1, y: 1, z: 1}
  m_Children: []
  m_Father: {fileID: 4797486922051122456}
  m_RootOrder: 0
  m_LocalEulerAnglesHint: {x: 0, y: 0, z: 0}
--- !u!1 &4800459737984679162
GameObject:
  m_ObjectHideFlags: 0
  m_CorrespondingSourceObject: {fileID: 0}
  m_PrefabInstance: {fileID: 0}
  m_PrefabAsset: {fileID: 0}
  serializedVersion: 6
  m_Component:
  - component: {fileID: 4794973840884687860}
  m_Layer: 8
  m_Name: L Clavicle
  m_TagString: Untagged
  m_Icon: {fileID: 0}
  m_NavMeshLayer: 0
  m_StaticEditorFlags: 0
  m_IsActive: 1
--- !u!4 &4794973840884687860
Transform:
  m_ObjectHideFlags: 0
  m_CorrespondingSourceObject: {fileID: 0}
  m_PrefabInstance: {fileID: 0}
  m_PrefabAsset: {fileID: 0}
  m_GameObject: {fileID: 4800459737984679162}
  m_LocalRotation: {x: 0.7887983, y: -0.043470055, z: -0.6104751, w: 0.056813415}
  m_LocalPosition: {x: -0.0779388, y: 0.012021236, z: 0.0028055534}
  m_LocalScale: {x: 1, y: 1, z: 1}
  m_Children:
  - {fileID: 4794902759810373452}
  m_Father: {fileID: 4797848104140264572}
  m_RootOrder: 1
  m_LocalEulerAnglesHint: {x: 0, y: 0, z: 0}
--- !u!1 &4800468710252355036
GameObject:
  m_ObjectHideFlags: 0
  m_CorrespondingSourceObject: {fileID: 0}
  m_PrefabInstance: {fileID: 0}
  m_PrefabAsset: {fileID: 0}
  serializedVersion: 6
  m_Component:
  - component: {fileID: 4795204549650951252}
  m_Layer: 8
  m_Name: R Ear
  m_TagString: Untagged
  m_Icon: {fileID: 0}
  m_NavMeshLayer: 0
  m_StaticEditorFlags: 0
  m_IsActive: 1
--- !u!4 &4795204549650951252
Transform:
  m_ObjectHideFlags: 0
  m_CorrespondingSourceObject: {fileID: 0}
  m_PrefabInstance: {fileID: 0}
  m_PrefabAsset: {fileID: 0}
  m_GameObject: {fileID: 4800468710252355036}
  m_LocalRotation: {x: 0.61458534, y: -0.40858176, z: 0.12381458, w: 0.6633368}
  m_LocalPosition: {x: -0.053648643, y: 0.019758873, z: -0.055688187}
  m_LocalScale: {x: 0.75, y: 1.5, z: 1}
  m_Children: []
  m_Father: {fileID: 4797572149444351524}
  m_RootOrder: 1
  m_LocalEulerAnglesHint: {x: 0, y: 0, z: 0}
--- !u!1 &4800490219850778226
GameObject:
  m_ObjectHideFlags: 0
  m_CorrespondingSourceObject: {fileID: 0}
  m_PrefabInstance: {fileID: 0}
  m_PrefabAsset: {fileID: 0}
  serializedVersion: 6
  m_Component:
  - component: {fileID: 4797506807137663004}
  m_Layer: 8
  m_Name: R UpperArm
  m_TagString: Untagged
  m_Icon: {fileID: 0}
  m_NavMeshLayer: 0
  m_StaticEditorFlags: 0
  m_IsActive: 1
--- !u!4 &4797506807137663004
Transform:
  m_ObjectHideFlags: 0
  m_CorrespondingSourceObject: {fileID: 0}
  m_PrefabInstance: {fileID: 0}
  m_PrefabAsset: {fileID: 0}
  m_GameObject: {fileID: 4800490219850778226}
  m_LocalRotation: {x: 0.418599, y: 0.54252815, z: 0.39252493, w: 0.6134837}
  m_LocalPosition: {x: -0.06855969, y: 0.000000038146972, z: -0.000000038146972}
  m_LocalScale: {x: 1, y: 1, z: 1}
  m_Children:
  - {fileID: 4797610760952631834}
  m_Father: {fileID: 4794946511676473184}
  m_RootOrder: 0
  m_LocalEulerAnglesHint: {x: 0, y: 0, z: 0}
--- !u!1 &4800502826079511266
GameObject:
  m_ObjectHideFlags: 0
  m_CorrespondingSourceObject: {fileID: 0}
  m_PrefabInstance: {fileID: 0}
  m_PrefabAsset: {fileID: 0}
  serializedVersion: 6
  m_Component:
  - component: {fileID: 4797765388978080354}
  m_Layer: 8
  m_Name: L Finger31
  m_TagString: Untagged
  m_Icon: {fileID: 0}
  m_NavMeshLayer: 0
  m_StaticEditorFlags: 0
  m_IsActive: 1
--- !u!4 &4797765388978080354
Transform:
  m_ObjectHideFlags: 0
  m_CorrespondingSourceObject: {fileID: 0}
  m_PrefabInstance: {fileID: 0}
  m_PrefabAsset: {fileID: 0}
  m_GameObject: {fileID: 4800502826079511266}
  m_LocalRotation: {x: 9.313222e-10, y: 0.0000000015133986, z: -1.4094617e-18, w: 1}
  m_LocalPosition: {x: -0.019382019, y: 0, z: 0.0000000023841857}
  m_LocalScale: {x: 1, y: 1, z: 1}
  m_Children: []
  m_Father: {fileID: 4795106041265131190}
  m_RootOrder: 0
  m_LocalEulerAnglesHint: {x: 0, y: 0, z: 0}
--- !u!1 &4800552798955221084
GameObject:
  m_ObjectHideFlags: 0
  m_CorrespondingSourceObject: {fileID: 0}
  m_PrefabInstance: {fileID: 0}
  m_PrefabAsset: {fileID: 0}
  serializedVersion: 6
  m_Component:
  - component: {fileID: 4795150423865486822}
  - component: {fileID: 4884262973364854560}
  - component: {fileID: 4800552798955221056}
  - component: {fileID: 4800552798955221059}
  - component: {fileID: 4800552798955221058}
  - component: {fileID: 4800552798955221085}
  - component: {fileID: 611034353}
  m_Layer: 8
  m_Name: RaccoonForm
  m_TagString: Untagged
  m_Icon: {fileID: 0}
  m_NavMeshLayer: 0
  m_StaticEditorFlags: 0
  m_IsActive: 1
--- !u!4 &4795150423865486822
Transform:
  m_ObjectHideFlags: 0
  m_CorrespondingSourceObject: {fileID: 0}
  m_PrefabInstance: {fileID: 0}
  m_PrefabAsset: {fileID: 0}
  m_GameObject: {fileID: 4800552798955221084}
  m_LocalRotation: {x: 0, y: 0, z: 0, w: 1}
  m_LocalPosition: {x: 20, y: 0.5, z: -20}
  m_LocalScale: {x: 0.95, y: 0.95, z: 0.95}
  m_Children:
  - {fileID: 4795140397770959540}
  - {fileID: 4795080656545345998}
  - {fileID: 6143664850452316284}
  - {fileID: 1208997895972979946}
  - {fileID: 1660216462}
  - {fileID: 560445579}
  - {fileID: 1618344192}
  m_Father: {fileID: 0}
  m_RootOrder: 0
  m_LocalEulerAnglesHint: {x: 0, y: 0, z: 0}
--- !u!95 &4884262973364854560
Animator:
  serializedVersion: 3
  m_ObjectHideFlags: 0
  m_CorrespondingSourceObject: {fileID: 0}
  m_PrefabInstance: {fileID: 0}
  m_PrefabAsset: {fileID: 0}
  m_GameObject: {fileID: 4800552798955221084}
  m_Enabled: 1
  m_Avatar: {fileID: 9000000, guid: 42b16888dccfed94fb39302aa553204d, type: 3}
  m_Controller: {fileID: 9100000, guid: 8f2bb7ff5545e9a419f4edd4c93a1aa8, type: 2}
  m_CullingMode: 0
  m_UpdateMode: 1
  m_ApplyRootMotion: 1
  m_LinearVelocityBlending: 0
  m_WarningMessage: 
  m_HasTransformHierarchy: 1
  m_AllowConstantClipSamplingOptimization: 1
  m_KeepAnimatorControllerStateOnDisable: 0
--- !u!114 &4800552798955221056
MonoBehaviour:
  m_ObjectHideFlags: 0
  m_CorrespondingSourceObject: {fileID: 0}
  m_PrefabInstance: {fileID: 0}
  m_PrefabAsset: {fileID: 0}
  m_GameObject: {fileID: 4800552798955221084}
  m_Enabled: 1
  m_EditorHideFlags: 0
  m_Script: {fileID: 11500000, guid: 7c1c9fac7cf2b4e47b8808745d1cbcaa, type: 3}
  m_Name: 
  m_EditorClassIdentifier: 
  mScaleMultiplier: 0.75
  mRigidbody: {fileID: 4800552798955221058}
  mAnimator: {fileID: 4884262973364854560}
  mAnimationListener: {fileID: 4800552798955221059}
  mPlayerMovement: {fileID: 4800552798955221085}
  mYStablizingCollider: {fileID: 8738625414396448240}
  mFreezePlayerTrigger: Frozen
  mUnFreezePlayerTrigger: UnFrozen
  mDamagePlayerTrigger: Damage
  mKillPlayerTrigger: Death
  mIdleAnimations: 6
  mUniqueIdleDivider: 2
  mBaseIdleAnimName: Idle
  mIdleIxAnimInt: IdleIx
  mIdleMagAnimFloat: IdleMag
  mHorizontalAnimFloat: Horizontal
  mVerticalAnimFloat: Vertical
  mUniqueMovementAnimBool: Sneak
  mFallAnimTrigger: Fall
  mFallingAnimTrigger: FallStartToClose
  mFallEndAnimTrigger: FallCloseToEnd
  mRequiredStrength: 0.5
  mCameraLookAt: {fileID: 6143664850452316284}
  mTargetGroupRadius: 20
  mStealthyCharacter: 1
  mDamage: 1
  mDamageMod: 0.5
  mStayFrozenTime: 0.3
  mIdleDetectionDecrement: 0.45
  mWalkDetectionDecrement: 0.25
  mRunDetectionIncrement: 0.15
  mUniqueDetectionChange: -0.65
  mToRunDetectionTime: 1
  mDetectionModeChangeTime: 1
  mPlayerStun: RangedStunPlayer
  mHidden: 0
  mDetectionModifier: 0
  mCurrentIdleIx: 0
  mShapeShiftInstance: {fileID: 0}
--- !u!114 &4800552798955221059
MonoBehaviour:
  m_ObjectHideFlags: 0
  m_CorrespondingSourceObject: {fileID: 0}
  m_PrefabInstance: {fileID: 0}
  m_PrefabAsset: {fileID: 0}
  m_GameObject: {fileID: 4800552798955221084}
  m_Enabled: 1
  m_EditorHideFlags: 0
  m_Script: {fileID: 11500000, guid: e49b22c006e928a44be37c9451f7587e, type: 3}
  m_Name: 
  m_EditorClassIdentifier: 
--- !u!54 &4800552798955221058
Rigidbody:
  m_ObjectHideFlags: 0
  m_CorrespondingSourceObject: {fileID: 0}
  m_PrefabInstance: {fileID: 0}
  m_PrefabAsset: {fileID: 0}
  m_GameObject: {fileID: 4800552798955221084}
  serializedVersion: 2
  m_Mass: 5
  m_Drag: 0
  m_AngularDrag: 0.05
  m_UseGravity: 1
  m_IsKinematic: 0
  m_Interpolate: 0
  m_Constraints: 112
  m_CollisionDetection: 0
--- !u!114 &4800552798955221085
MonoBehaviour:
  m_ObjectHideFlags: 0
  m_CorrespondingSourceObject: {fileID: 0}
  m_PrefabInstance: {fileID: 0}
  m_PrefabAsset: {fileID: 0}
  m_GameObject: {fileID: 4800552798955221084}
  m_Enabled: 1
  m_EditorHideFlags: 0
  m_Script: {fileID: 11500000, guid: b92a0b7f5b564604d9624a3a3795dab5, type: 3}
  m_Name: 
  m_EditorClassIdentifier: 
  mPlayerCharacter: {fileID: 4800552798955221056}
  mModelSpeedAnimFloat: ModelSpeed
  mModelAnimSpeed: 2.25
  mBasicSpeedMultiplier: 2
  mRunSpeedMultiplier: 4
  mUniqueAnimSpeed: 2.9
  mFallAnimSpeed: 2
  mStartWalkingThreshold: 0.1
  mSpeedChangeLerpTime: 0.5
  mAlmostLandingDistance: 2
  mLandingDistance: 1
  mFallAnimDelay: 0.3
  mFallYSpeed: 1.25
  mGCheckDist: 0.2
  mUniqueHeight: 0.3
  mFrontCheckpoint: {fileID: 1291081829}
  mBackCheckpoint: {fileID: 327574621}
  mState: 0
--- !u!65 &611034353
BoxCollider:
  m_ObjectHideFlags: 0
  m_CorrespondingSourceObject: {fileID: 0}
  m_PrefabInstance: {fileID: 0}
  m_PrefabAsset: {fileID: 0}
  m_GameObject: {fileID: 4800552798955221084}
  m_Material: {fileID: 0}
  m_IsTrigger: 1
  m_Enabled: 1
  serializedVersion: 2
  m_Size: {x: 0.35, y: 0.08, z: 0.65}
  m_Center: {x: 0, y: 0.07, z: 0.2}
--- !u!1 &4800558999398147434
GameObject:
  m_ObjectHideFlags: 0
  m_CorrespondingSourceObject: {fileID: 0}
  m_PrefabInstance: {fileID: 0}
  m_PrefabAsset: {fileID: 0}
  serializedVersion: 6
  m_Component:
  - component: {fileID: 4797557051466203584}
  m_Layer: 8
  m_Name: L Finger1
  m_TagString: Untagged
  m_Icon: {fileID: 0}
  m_NavMeshLayer: 0
  m_StaticEditorFlags: 0
  m_IsActive: 1
--- !u!4 &4797557051466203584
Transform:
  m_ObjectHideFlags: 0
  m_CorrespondingSourceObject: {fileID: 0}
  m_PrefabInstance: {fileID: 0}
  m_PrefabAsset: {fileID: 0}
  m_GameObject: {fileID: 4800558999398147434}
  m_LocalRotation: {x: -0.00045603618, y: -0.06414331, z: -0.00040232184, w: 0.99794054}
  m_LocalPosition: {x: -0.033221092, y: 0.016867245, z: -0.011399155}
  m_LocalScale: {x: 1, y: 1, z: 1}
  m_Children:
  - {fileID: 4797657139560141088}
  m_Father: {fileID: 4797680076702728190}
  m_RootOrder: 1
  m_LocalEulerAnglesHint: {x: 0, y: 0, z: 0}
--- !u!1 &4800561728364522394
GameObject:
  m_ObjectHideFlags: 0
  m_CorrespondingSourceObject: {fileID: 0}
  m_PrefabInstance: {fileID: 0}
  m_PrefabAsset: {fileID: 0}
  serializedVersion: 6
  m_Component:
  - component: {fileID: 4797793933574846048}
  m_Layer: 8
  m_Name: L HorseLink
  m_TagString: Untagged
  m_Icon: {fileID: 0}
  m_NavMeshLayer: 0
  m_StaticEditorFlags: 0
  m_IsActive: 1
--- !u!4 &4797793933574846048
Transform:
  m_ObjectHideFlags: 0
  m_CorrespondingSourceObject: {fileID: 0}
  m_PrefabInstance: {fileID: 0}
  m_PrefabAsset: {fileID: 0}
  m_GameObject: {fileID: 4800561728364522394}
  m_LocalRotation: {x: -0.000000020522437, y: -0.000000009239511, z: -0.6602383, w: 0.7510562}
  m_LocalPosition: {x: -0.12587585, y: 0.000000038146972, z: 0}
  m_LocalScale: {x: 1, y: 1, z: 1}
  m_Children:
  - {fileID: 4795140729711903910}
  m_Father: {fileID: 4794939381082267066}
  m_RootOrder: 0
  m_LocalEulerAnglesHint: {x: 0, y: 0, z: 0}
--- !u!1 &4800608247687630704
GameObject:
  m_ObjectHideFlags: 0
  m_CorrespondingSourceObject: {fileID: 0}
  m_PrefabInstance: {fileID: 0}
  m_PrefabAsset: {fileID: 0}
  serializedVersion: 6
  m_Component:
  - component: {fileID: 4795121499529547694}
  m_Layer: 8
  m_Name: R Finger01
  m_TagString: Untagged
  m_Icon: {fileID: 0}
  m_NavMeshLayer: 0
  m_StaticEditorFlags: 0
  m_IsActive: 1
--- !u!4 &4795121499529547694
Transform:
  m_ObjectHideFlags: 0
  m_CorrespondingSourceObject: {fileID: 0}
  m_PrefabInstance: {fileID: 0}
  m_PrefabAsset: {fileID: 0}
  m_GameObject: {fileID: 4800608247687630704}
  m_LocalRotation: {x: -0.000000003259629, y: 0.000000005995388, z: -0.0000000074505797,
    w: 1}
  m_LocalPosition: {x: -0.015793229, y: 0, z: 0}
  m_LocalScale: {x: 1, y: 1, z: 1}
  m_Children: []
  m_Father: {fileID: 4795078322500002344}
  m_RootOrder: 0
  m_LocalEulerAnglesHint: {x: 0, y: 0, z: 0}
--- !u!1 &4800617834642891734
GameObject:
  m_ObjectHideFlags: 0
  m_CorrespondingSourceObject: {fileID: 0}
  m_PrefabInstance: {fileID: 0}
  m_PrefabAsset: {fileID: 0}
  serializedVersion: 6
  m_Component:
  - component: {fileID: 4797907720615791720}
  m_Layer: 8
  m_Name: L Ear
  m_TagString: Untagged
  m_Icon: {fileID: 0}
  m_NavMeshLayer: 0
  m_StaticEditorFlags: 0
  m_IsActive: 1
--- !u!4 &4797907720615791720
Transform:
  m_ObjectHideFlags: 0
  m_CorrespondingSourceObject: {fileID: 0}
  m_PrefabInstance: {fileID: 0}
  m_PrefabAsset: {fileID: 0}
  m_GameObject: {fileID: 4800617834642891734}
  m_LocalRotation: {x: -0.61458546, y: 0.40858126, z: 0.12381667, w: 0.6633367}
  m_LocalPosition: {x: -0.05364868, y: 0.01975853, z: 0.055688303}
  m_LocalScale: {x: 0.75, y: 1.5, z: 1}
  m_Children: []
  m_Father: {fileID: 4797572149444351524}
  m_RootOrder: 0
  m_LocalEulerAnglesHint: {x: 0, y: 0, z: 0}
--- !u!1 &4800658335212486166
GameObject:
  m_ObjectHideFlags: 0
  m_CorrespondingSourceObject: {fileID: 0}
  m_PrefabInstance: {fileID: 0}
  m_PrefabAsset: {fileID: 0}
  serializedVersion: 6
  m_Component:
  - component: {fileID: 4795167130022659250}
  m_Layer: 8
  m_Name: L Finger4
  m_TagString: Untagged
  m_Icon: {fileID: 0}
  m_NavMeshLayer: 0
  m_StaticEditorFlags: 0
  m_IsActive: 1
--- !u!4 &4795167130022659250
Transform:
  m_ObjectHideFlags: 0
  m_CorrespondingSourceObject: {fileID: 0}
  m_PrefabInstance: {fileID: 0}
  m_PrefabAsset: {fileID: 0}
  m_GameObject: {fileID: 4800658335212486166}
  m_LocalRotation: {x: -0.0030146628, y: 0.2881733, z: -0.07147642, w: 0.95490223}
  m_LocalPosition: {x: -0.022133712, y: 0.018106155, z: 0.016004972}
  m_LocalScale: {x: 1, y: 1, z: 1}
  m_Children:
  - {fileID: 4797632682656801102}
  m_Father: {fileID: 4797680076702728190}
  m_RootOrder: 4
  m_LocalEulerAnglesHint: {x: 0, y: 0, z: 0}
--- !u!1 &4800723833040277558
GameObject:
  m_ObjectHideFlags: 0
  m_CorrespondingSourceObject: {fileID: 0}
  m_PrefabInstance: {fileID: 0}
  m_PrefabAsset: {fileID: 0}
  serializedVersion: 6
  m_Component:
  - component: {fileID: 4794865804035752064}
  m_Layer: 8
  m_Name: R Finger31
  m_TagString: Untagged
  m_Icon: {fileID: 0}
  m_NavMeshLayer: 0
  m_StaticEditorFlags: 0
  m_IsActive: 1
--- !u!4 &4794865804035752064
Transform:
  m_ObjectHideFlags: 0
  m_CorrespondingSourceObject: {fileID: 0}
  m_PrefabInstance: {fileID: 0}
  m_PrefabAsset: {fileID: 0}
  m_GameObject: {fileID: 4800723833040277558}
  m_LocalRotation: {x: -1.1709384e-17, y: -0.0000000015716068, z: -0.000000007450581,
    w: 1}
  m_LocalPosition: {x: -0.019381981, y: 0, z: 0}
  m_LocalScale: {x: 1, y: 1, z: 1}
  m_Children: []
  m_Father: {fileID: 4797969365327920798}
  m_RootOrder: 0
  m_LocalEulerAnglesHint: {x: 0, y: 0, z: 0}
--- !u!1 &4800726030845914510
GameObject:
  m_ObjectHideFlags: 0
  m_CorrespondingSourceObject: {fileID: 0}
  m_PrefabInstance: {fileID: 0}
  m_PrefabAsset: {fileID: 0}
  serializedVersion: 6
  m_Component:
  - component: {fileID: 4797680076702728190}
  m_Layer: 8
  m_Name: L Hand
  m_TagString: Untagged
  m_Icon: {fileID: 0}
  m_NavMeshLayer: 0
  m_StaticEditorFlags: 0
  m_IsActive: 1
--- !u!4 &4797680076702728190
Transform:
  m_ObjectHideFlags: 0
  m_CorrespondingSourceObject: {fileID: 0}
  m_PrefabInstance: {fileID: 0}
  m_PrefabAsset: {fileID: 0}
  m_GameObject: {fileID: 4800726030845914510}
  m_LocalRotation: {x: -0.019953126, y: 0.06047968, z: 0.6023022, w: 0.79572374}
  m_LocalPosition: {x: -0.1412445, y: -0.000000019073486, z: -0.000000019073486}
  m_LocalScale: {x: 1, y: 1, z: 1}
  m_Children:
  - {fileID: 4797887313424196664}
  - {fileID: 4797557051466203584}
  - {fileID: 4794719825856375140}
  - {fileID: 4795106041265131190}
  - {fileID: 4795167130022659250}
  m_Father: {fileID: 4797564540596604306}
  m_RootOrder: 0
  m_LocalEulerAnglesHint: {x: 0, y: 0, z: 0}
--- !u!1 &4800728972169330146
GameObject:
  m_ObjectHideFlags: 0
  m_CorrespondingSourceObject: {fileID: 0}
  m_PrefabInstance: {fileID: 0}
  m_PrefabAsset: {fileID: 0}
  serializedVersion: 6
  m_Component:
  - component: {fileID: 4797950404641017252}
  m_Layer: 8
  m_Name: L Thigh
  m_TagString: Untagged
  m_Icon: {fileID: 0}
  m_NavMeshLayer: 0
  m_StaticEditorFlags: 0
  m_IsActive: 1
--- !u!4 &4797950404641017252
Transform:
  m_ObjectHideFlags: 0
  m_CorrespondingSourceObject: {fileID: 0}
  m_PrefabInstance: {fileID: 0}
  m_PrefabAsset: {fileID: 0}
  m_GameObject: {fileID: 4800728972169330146}
  m_LocalRotation: {x: 0.7064111, y: -0.70532477, z: -0.047899667, w: 0.034727294}
  m_LocalPosition: {x: 0.021084785, y: 0.01826313, z: 0.08818764}
  m_LocalScale: {x: 1, y: 1, z: 1}
  m_Children:
  - {fileID: 4794939381082267066}
  m_Father: {fileID: 4795001889743240180}
  m_RootOrder: 1
  m_LocalEulerAnglesHint: {x: 0, y: 0, z: 0}
--- !u!1 &4800736781059955108
GameObject:
  m_ObjectHideFlags: 0
  m_CorrespondingSourceObject: {fileID: 0}
  m_PrefabInstance: {fileID: 0}
  m_PrefabAsset: {fileID: 0}
  serializedVersion: 6
  m_Component:
  - component: {fileID: 4797865366341866156}
  m_Layer: 8
  m_Name: Pelvis
  m_TagString: Untagged
  m_Icon: {fileID: 0}
  m_NavMeshLayer: 0
  m_StaticEditorFlags: 0
  m_IsActive: 1
--- !u!4 &4797865366341866156
Transform:
  m_ObjectHideFlags: 0
  m_CorrespondingSourceObject: {fileID: 0}
  m_PrefabInstance: {fileID: 0}
  m_PrefabAsset: {fileID: 0}
  m_GameObject: {fileID: 4800736781059955108}
  m_LocalRotation: {x: -0.5, y: 0.5, z: 0.49999934, w: 0.50000066}
  m_LocalPosition: {x: -0, y: 0, z: 0}
  m_LocalScale: {x: 1, y: 1, z: 1}
  m_Children:
  - {fileID: 4795001889743240180}
  - {fileID: 4797820678019966666}
  m_Father: {fileID: 4795080656545345998}
  m_RootOrder: 0
  m_LocalEulerAnglesHint: {x: 0, y: 0, z: 0}
--- !u!1 &4800738549354117262
GameObject:
  m_ObjectHideFlags: 0
  m_CorrespondingSourceObject: {fileID: 0}
  m_PrefabInstance: {fileID: 0}
  m_PrefabAsset: {fileID: 0}
  serializedVersion: 6
  m_Component:
  - component: {fileID: 4794967266420990118}
  m_Layer: 8
  m_Name: L Toe0
  m_TagString: Untagged
  m_Icon: {fileID: 0}
  m_NavMeshLayer: 0
  m_StaticEditorFlags: 0
  m_IsActive: 1
--- !u!4 &4794967266420990118
Transform:
  m_ObjectHideFlags: 0
  m_CorrespondingSourceObject: {fileID: 0}
  m_PrefabInstance: {fileID: 0}
  m_PrefabAsset: {fileID: 0}
  m_GameObject: {fileID: 4800738549354117262}
  m_LocalRotation: {x: -0.0000000026347262, y: -0.0000000026348068, z: -0.7071068,
    w: 0.7071068}
  m_LocalPosition: {x: -0.011299529, y: 0.04562077, z: -0.000000028610229}
  m_LocalScale: {x: 1, y: 1, z: 1}
  m_Children: []
  m_Father: {fileID: 4795140729711903910}
  m_RootOrder: 0
  m_LocalEulerAnglesHint: {x: 0, y: 0, z: 0}
--- !u!1 &4800740290672380536
GameObject:
  m_ObjectHideFlags: 0
  m_CorrespondingSourceObject: {fileID: 0}
  m_PrefabInstance: {fileID: 0}
  m_PrefabAsset: {fileID: 0}
  serializedVersion: 6
  m_Component:
  - component: {fileID: 4795078322500002344}
  m_Layer: 8
  m_Name: R Finger0
  m_TagString: Untagged
  m_Icon: {fileID: 0}
  m_NavMeshLayer: 0
  m_StaticEditorFlags: 0
  m_IsActive: 1
--- !u!4 &4795078322500002344
Transform:
  m_ObjectHideFlags: 0
  m_CorrespondingSourceObject: {fileID: 0}
  m_PrefabInstance: {fileID: 0}
  m_PrefabAsset: {fileID: 0}
  m_GameObject: {fileID: 4800740290672380536}
  m_LocalRotation: {x: -0.030424709, y: 0.28955314, z: -0.094410785, w: 0.95200837}
  m_LocalPosition: {x: -0.016840171, y: 0.01610414, z: 0.017231673}
  m_LocalScale: {x: 1, y: 1, z: 1}
  m_Children:
  - {fileID: 4795121499529547694}
  m_Father: {fileID: 4794944194402142598}
  m_RootOrder: 0
  m_LocalEulerAnglesHint: {x: 0, y: 0, z: 0}
--- !u!1 &4800751302346011940
GameObject:
  m_ObjectHideFlags: 0
  m_CorrespondingSourceObject: {fileID: 0}
  m_PrefabInstance: {fileID: 0}
  m_PrefabAsset: {fileID: 0}
  serializedVersion: 6
  m_Component:
  - component: {fileID: 4797809629795333846}
  - component: {fileID: 4800751302346011941}
  m_Layer: 8
  m_Name: R Calf
  m_TagString: Untagged
  m_Icon: {fileID: 0}
  m_NavMeshLayer: 0
  m_StaticEditorFlags: 0
  m_IsActive: 1
--- !u!4 &4797809629795333846
Transform:
  m_ObjectHideFlags: 0
  m_CorrespondingSourceObject: {fileID: 0}
  m_PrefabInstance: {fileID: 0}
  m_PrefabAsset: {fileID: 0}
  m_GameObject: {fileID: 4800751302346011940}
  m_LocalRotation: {x: 0.000000007465077, y: 0.000000004242451, z: 0.2937241, w: 0.95589024}
  m_LocalPosition: {x: -0.14917898, y: 0, z: 0.000000028610229}
  m_LocalScale: {x: 1, y: 1, z: 1}
  m_Children:
  - {fileID: 4797808795572865264}
  m_Father: {fileID: 4794799566045006472}
  m_RootOrder: 0
  m_LocalEulerAnglesHint: {x: 0, y: 0, z: 0}
--- !u!136 &4800751302346011941
CapsuleCollider:
  m_ObjectHideFlags: 0
  m_CorrespondingSourceObject: {fileID: 0}
  m_PrefabInstance: {fileID: 0}
  m_PrefabAsset: {fileID: 0}
  m_GameObject: {fileID: 4800751302346011940}
  m_Material: {fileID: 0}
  m_IsTrigger: 0
  m_Enabled: 1
  m_Radius: 0.05
  m_Height: 0.3
  m_Direction: 0
  m_Center: {x: 0, y: 0, z: 0}
--- !u!1 &4800763948764116898
GameObject:
  m_ObjectHideFlags: 0
  m_CorrespondingSourceObject: {fileID: 0}
  m_PrefabInstance: {fileID: 0}
  m_PrefabAsset: {fileID: 0}
  serializedVersion: 6
  m_Component:
  - component: {fileID: 4794939529681188988}
  m_Layer: 8
  m_Name: Tail05
  m_TagString: Untagged
  m_Icon: {fileID: 0}
  m_NavMeshLayer: 0
  m_StaticEditorFlags: 0
  m_IsActive: 1
--- !u!4 &4794939529681188988
Transform:
  m_ObjectHideFlags: 0
  m_CorrespondingSourceObject: {fileID: 0}
  m_PrefabInstance: {fileID: 0}
  m_PrefabAsset: {fileID: 0}
  m_GameObject: {fileID: 4800763948764116898}
  m_LocalRotation: {x: -1.7053026e-13, y: 1.1712853e-14, z: 1.9973958e-27, w: 1}
  m_LocalPosition: {x: -0.06795444, y: -0.000054130553, z: -1.4988473e-10}
  m_LocalScale: {x: 0.78716, y: 1, z: 1}
  m_Children: []
  m_Father: {fileID: 4794853012598575928}
  m_RootOrder: 0
  m_LocalEulerAnglesHint: {x: 0, y: 0, z: 0}
--- !u!1 &4800789476027564138
GameObject:
  m_ObjectHideFlags: 0
  m_CorrespondingSourceObject: {fileID: 0}
  m_PrefabInstance: {fileID: 0}
  m_PrefabAsset: {fileID: 0}
  serializedVersion: 6
  m_Component:
  - component: {fileID: 4794726796405577552}
  m_Layer: 8
  m_Name: Jaw
  m_TagString: Untagged
  m_Icon: {fileID: 0}
  m_NavMeshLayer: 0
  m_StaticEditorFlags: 0
  m_IsActive: 1
--- !u!4 &4794726796405577552
Transform:
  m_ObjectHideFlags: 0
  m_CorrespondingSourceObject: {fileID: 0}
  m_PrefabInstance: {fileID: 0}
  m_PrefabAsset: {fileID: 0}
  m_GameObject: {fileID: 4800789476027564138}
  m_LocalRotation: {x: 0.0000008484176, y: 0.0000033910662, z: -0.76482356, w: 0.6442399}
  m_LocalPosition: {x: 0.05165989, y: 0.060813557, z: 0.00000032872296}
  m_LocalScale: {x: 1, y: 1, z: 1}
  m_Children: []
  m_Father: {fileID: 4797572149444351524}
  m_RootOrder: 6
  m_LocalEulerAnglesHint: {x: 0, y: 0, z: 0}
--- !u!1 &4800795139826216746
GameObject:
  m_ObjectHideFlags: 0
  m_CorrespondingSourceObject: {fileID: 0}
  m_PrefabInstance: {fileID: 0}
  m_PrefabAsset: {fileID: 0}
  serializedVersion: 6
  m_Component:
  - component: {fileID: 4797572149444351524}
  - component: {fileID: 4800795139826216747}
  m_Layer: 8
  m_Name: Head
  m_TagString: Untagged
  m_Icon: {fileID: 0}
  m_NavMeshLayer: 0
  m_StaticEditorFlags: 0
  m_IsActive: 1
--- !u!4 &4797572149444351524
Transform:
  m_ObjectHideFlags: 0
  m_CorrespondingSourceObject: {fileID: 0}
  m_PrefabInstance: {fileID: 0}
  m_PrefabAsset: {fileID: 0}
  m_GameObject: {fileID: 4800795139826216746}
  m_LocalRotation: {x: -0.0000009769217, y: -0.00000053768747, z: 0.6600728, w: 0.7512016}
  m_LocalPosition: {x: -0.06367771, y: -0.026063384, z: -0.000000072289254}
  m_LocalScale: {x: 0.94956696, y: 0.8069619, z: 0.9195099}
  m_Children:
  - {fileID: 4797907720615791720}
  - {fileID: 4795204549650951252}
  - {fileID: 4797819717433474570}
  - {fileID: 4795197740749719502}
  - {fileID: 4797652060373757730}
  - {fileID: 4795033931687809338}
  - {fileID: 4794726796405577552}
  m_Father: {fileID: 4797824508377104454}
  m_RootOrder: 0
  m_LocalEulerAnglesHint: {x: 0, y: 0, z: 0}
--- !u!136 &4800795139826216747
CapsuleCollider:
  m_ObjectHideFlags: 0
  m_CorrespondingSourceObject: {fileID: 0}
  m_PrefabInstance: {fileID: 0}
  m_PrefabAsset: {fileID: 0}
  m_GameObject: {fileID: 4800795139826216746}
  m_Material: {fileID: 0}
  m_IsTrigger: 0
  m_Enabled: 1
  m_Radius: 0.08
  m_Height: 0
  m_Direction: 1
  m_Center: {x: 0, y: 0.055, z: 0}
--- !u!1 &4800806138307773328
GameObject:
  m_ObjectHideFlags: 0
  m_CorrespondingSourceObject: {fileID: 0}
  m_PrefabInstance: {fileID: 0}
  m_PrefabAsset: {fileID: 0}
  serializedVersion: 6
  m_Component:
  - component: {fileID: 4797632682656801102}
  m_Layer: 8
  m_Name: L Finger41
  m_TagString: Untagged
  m_Icon: {fileID: 0}
  m_NavMeshLayer: 0
  m_StaticEditorFlags: 0
  m_IsActive: 1
--- !u!4 &4797632682656801102
Transform:
  m_ObjectHideFlags: 0
  m_CorrespondingSourceObject: {fileID: 0}
  m_PrefabInstance: {fileID: 0}
  m_PrefabAsset: {fileID: 0}
  m_GameObject: {fileID: 4800806138307773328}
  m_LocalRotation: {x: -1.2143068e-17, y: 0.0000000016298146, z: 0.0000000074505815,
    w: 1}
  m_LocalPosition: {x: -0.013302727, y: -0.000000009536743, z: -0.000000009536743}
  m_LocalScale: {x: 1, y: 1, z: 1}
  m_Children: []
  m_Father: {fileID: 4795167130022659250}
  m_RootOrder: 0
  m_LocalEulerAnglesHint: {x: 0, y: 0, z: 0}
--- !u!1 &4800808264684324310
GameObject:
  m_ObjectHideFlags: 0
  m_CorrespondingSourceObject: {fileID: 0}
  m_PrefabInstance: {fileID: 0}
  m_PrefabAsset: {fileID: 0}
  serializedVersion: 6
  m_Component:
  - component: {fileID: 4797819717433474570}
  m_Layer: 8
  m_Name: Cheek L
  m_TagString: Untagged
  m_Icon: {fileID: 0}
  m_NavMeshLayer: 0
  m_StaticEditorFlags: 0
  m_IsActive: 1
--- !u!4 &4797819717433474570
Transform:
  m_ObjectHideFlags: 0
  m_CorrespondingSourceObject: {fileID: 0}
  m_PrefabInstance: {fileID: 0}
  m_PrefabAsset: {fileID: 0}
  m_GameObject: {fileID: 4800808264684324310}
  m_LocalRotation: {x: 0.080920994, y: 0.6319562, z: -0.1381154, w: 0.7582924}
  m_LocalPosition: {x: 0.028587531, y: 0.12596256, z: 0.004085901}
  m_LocalScale: {x: 1, y: 1, z: 1}
  m_Children: []
  m_Father: {fileID: 4797572149444351524}
  m_RootOrder: 2
  m_LocalEulerAnglesHint: {x: 0, y: 0, z: 0}
--- !u!1 &4800829742279721572
GameObject:
  m_ObjectHideFlags: 0
  m_CorrespondingSourceObject: {fileID: 0}
  m_PrefabInstance: {fileID: 0}
  m_PrefabAsset: {fileID: 0}
  serializedVersion: 6
  m_Component:
  - component: {fileID: 4795140397770959540}
  - component: {fileID: 4860170885562778978}
  m_Layer: 8
  m_Name: Racoon Poly Art
  m_TagString: Untagged
  m_Icon: {fileID: 0}
  m_NavMeshLayer: 0
  m_StaticEditorFlags: 0
  m_IsActive: 1
--- !u!4 &4795140397770959540
Transform:
  m_ObjectHideFlags: 0
  m_CorrespondingSourceObject: {fileID: 0}
  m_PrefabInstance: {fileID: 0}
  m_PrefabAsset: {fileID: 0}
  m_GameObject: {fileID: 4800829742279721572}
  m_LocalRotation: {x: -0.7071068, y: 0, z: -0, w: 0.7071068}
  m_LocalPosition: {x: -0, y: 0, z: 0}
  m_LocalScale: {x: 1, y: 1, z: 1}
  m_Children: []
  m_Father: {fileID: 4795150423865486822}
  m_RootOrder: 0
  m_LocalEulerAnglesHint: {x: 0, y: 0, z: 0}
--- !u!137 &4860170885562778978
SkinnedMeshRenderer:
  m_ObjectHideFlags: 0
  m_CorrespondingSourceObject: {fileID: 0}
  m_PrefabInstance: {fileID: 0}
  m_PrefabAsset: {fileID: 0}
  m_GameObject: {fileID: 4800829742279721572}
  m_Enabled: 1
  m_CastShadows: 1
  m_ReceiveShadows: 1
  m_DynamicOccludee: 1
  m_MotionVectors: 1
  m_LightProbeUsage: 1
  m_ReflectionProbeUsage: 1
  m_RayTracingMode: 0
  m_RenderingLayerMask: 4294967295
  m_RendererPriority: 0
  m_Materials:
  - {fileID: 2100000, guid: 424e41fe1bb145344ade017b33a8f033, type: 2}
  m_StaticBatchInfo:
    firstSubMesh: 0
    subMeshCount: 0
  m_StaticBatchRoot: {fileID: 0}
  m_ProbeAnchor: {fileID: 0}
  m_LightProbeVolumeOverride: {fileID: 0}
  m_ScaleInLightmap: 1
  m_ReceiveGI: 1
  m_PreserveUVs: 0
  m_IgnoreNormalsForChartDetection: 0
  m_ImportantGI: 0
  m_StitchLightmapSeams: 0
  m_SelectedEditorRenderState: 3
  m_MinimumChartSize: 4
  m_AutoUVMaxDistance: 0.5
  m_AutoUVMaxAngle: 89
  m_LightmapParameters: {fileID: 0}
  m_SortingLayerID: 0
  m_SortingLayer: 0
  m_SortingOrder: 0
  serializedVersion: 2
  m_Quality: 4
  m_UpdateWhenOffscreen: 0
  m_SkinnedMotionVectors: 1
  m_Mesh: {fileID: 4300114, guid: 42b16888dccfed94fb39302aa553204d, type: 3}
  m_Bones:
  - {fileID: 4795001889743240180}
  - {fileID: 4794877040913634546}
  - {fileID: 4797848104140264572}
  - {fileID: 4797950404641017252}
  - {fileID: 4794939381082267066}
  - {fileID: 4797865366341866156}
  - {fileID: 4794973840884687860}
  - {fileID: 4794902759810373452}
  - {fileID: 4797824508377104454}
  - {fileID: 4797506807137663004}
  - {fileID: 4797564540596604306}
  - {fileID: 4797793933574846048}
  - {fileID: 4797820678019966666}
  - {fileID: 4794799566045006472}
  - {fileID: 4797861073609268598}
  - {fileID: 4794986909128159976}
  - {fileID: 4794853012598575928}
  - {fileID: 4794939529681188988}
  - {fileID: 4797572149444351524}
  - {fileID: 4797907720615791720}
  - {fileID: 4797652060373757730}
  - {fileID: 4797819717433474570}
  - {fileID: 4794726796405577552}
  - {fileID: 4795197740749719502}
  - {fileID: 4797632682656801102}
  - {fileID: 4795167130022659250}
  - {fileID: 4797680076702728190}
  - {fileID: 4795106041265131190}
  - {fileID: 4794926600781503636}
  - {fileID: 4797657139560141088}
  - {fileID: 4797557051466203584}
  - {fileID: 4797765388978080354}
  - {fileID: 4794719825856375140}
  - {fileID: 4797887313424196664}
  - {fileID: 4797951642616252794}
  - {fileID: 4794967266420990118}
  - {fileID: 4795140729711903910}
  - {fileID: 4794946511676473184}
  - {fileID: 4797610760952631834}
  - {fileID: 4797809629795333846}
  - {fileID: 4797808795572865264}
  - {fileID: 4795204549650951252}
  - {fileID: 4795033931687809338}
  - {fileID: 4795046893849985976}
  - {fileID: 4797969365327920798}
  - {fileID: 4795139409187018882}
  - {fileID: 4794944194402142598}
  - {fileID: 4794700939289780384}
  - {fileID: 4795078322500002344}
  - {fileID: 4797486922051122456}
  - {fileID: 4797884136205235786}
  - {fileID: 4794729138040675072}
  - {fileID: 4794865804035752064}
  - {fileID: 4795121499529547694}
  - {fileID: 4797888438071489834}
  - {fileID: 4794802127211598614}
  m_BlendShapeWeights:
  - 0
  - 38
  - 57.7
  - 65
  - 0
  - 83.9
  - 0
  - 0
  - 43.8
  - 0
  - 67.9
  - 62
  - 0
  - 0
  - 0
  - 49.6
  - 0
  - 0
  - 0
  - 62
  - 44.5
  - 0
  - 65
  m_RootBone: {fileID: 4797865366341866156}
  m_AABB:
    m_Center: {x: 0.055694073, y: 0.08260162, z: 0.000059954822}
    m_Extent: {x: 0.26778162, y: 0.55298954, z: 0.17362201}
  m_DirtyAABB: 0
--- !u!1 &7132279463369077662
GameObject:
  m_ObjectHideFlags: 0
  m_CorrespondingSourceObject: {fileID: 0}
  m_PrefabInstance: {fileID: 0}
  m_PrefabAsset: {fileID: 0}
  serializedVersion: 6
  m_Component:
  - component: {fileID: 1208997895972979946}
  - component: {fileID: 8738625414396448240}
  m_Layer: 8
  m_Name: YStablizer
  m_TagString: Untagged
  m_Icon: {fileID: 0}
  m_NavMeshLayer: 0
  m_StaticEditorFlags: 0
  m_IsActive: 1
--- !u!4 &1208997895972979946
Transform:
  m_ObjectHideFlags: 0
  m_CorrespondingSourceObject: {fileID: 0}
  m_PrefabInstance: {fileID: 0}
  m_PrefabAsset: {fileID: 0}
  m_GameObject: {fileID: 7132279463369077662}
  m_LocalRotation: {x: 0, y: 0, z: 0, w: 1}
  m_LocalPosition: {x: 0, y: 0.25, z: 0.2}
  m_LocalScale: {x: 1, y: 1, z: 1}
  m_Children: []
  m_Father: {fileID: 4795150423865486822}
  m_RootOrder: 3
  m_LocalEulerAnglesHint: {x: 0, y: 0, z: 0}
--- !u!136 &8738625414396448240
CapsuleCollider:
  m_ObjectHideFlags: 0
  m_CorrespondingSourceObject: {fileID: 0}
  m_PrefabInstance: {fileID: 0}
  m_PrefabAsset: {fileID: 0}
  m_GameObject: {fileID: 7132279463369077662}
  m_Material: {fileID: 0}
  m_IsTrigger: 0
  m_Enabled: 1
  m_Radius: 0.25
  m_Height: 0.8
  m_Direction: 2
  m_Center: {x: 0, y: 0, z: 0}
--- !u!1 &8316316537944430298
GameObject:
  m_ObjectHideFlags: 0
  m_CorrespondingSourceObject: {fileID: 0}
  m_PrefabInstance: {fileID: 0}
  m_PrefabAsset: {fileID: 0}
  serializedVersion: 6
  m_Component:
  - component: {fileID: 6143664850452316284}
  - component: {fileID: 4086103014669054208}
  - component: {fileID: 5862496969035535043}
  m_Layer: 21
  m_Name: Raccoon CameraTrack
  m_TagString: Untagged
  m_Icon: {fileID: 0}
  m_NavMeshLayer: 0
  m_StaticEditorFlags: 0
  m_IsActive: 1
--- !u!4 &6143664850452316284
Transform:
  m_ObjectHideFlags: 0
  m_CorrespondingSourceObject: {fileID: 0}
  m_PrefabInstance: {fileID: 0}
  m_PrefabAsset: {fileID: 0}
  m_GameObject: {fileID: 8316316537944430298}
  m_LocalRotation: {x: 0.00000027703143, y: 0.000000033876745, z: 0.00000016695407,
    w: 1}
  m_LocalPosition: {x: 0, y: 0.1, z: 0.125}
  m_LocalScale: {x: 1, y: 1, z: 1}
  m_Children:
  - {fileID: 9057902547951104543}
  m_Father: {fileID: 4795150423865486822}
  m_RootOrder: 2
  m_LocalEulerAnglesHint: {x: 0, y: 0, z: 0}
--- !u!65 &4086103014669054208
BoxCollider:
  m_ObjectHideFlags: 0
  m_CorrespondingSourceObject: {fileID: 0}
  m_PrefabInstance: {fileID: 0}
  m_PrefabAsset: {fileID: 0}
  m_GameObject: {fileID: 8316316537944430298}
  m_Material: {fileID: 0}
  m_IsTrigger: 1
  m_Enabled: 1
  serializedVersion: 2
  m_Size: {x: 0.1, y: 0.1, z: 0.1}
  m_Center: {x: 0, y: 0, z: 0}
--- !u!114 &5862496969035535043
MonoBehaviour:
  m_ObjectHideFlags: 0
  m_CorrespondingSourceObject: {fileID: 0}
  m_PrefabInstance: {fileID: 0}
  m_PrefabAsset: {fileID: 0}
  m_GameObject: {fileID: 8316316537944430298}
  m_Enabled: 1
  m_EditorHideFlags: 0
  m_Script: {fileID: 11500000, guid: c35e0c916936a0a45a8fa8ab5a1b5b8b, type: 3}
  m_Name: 
  m_EditorClassIdentifier: 
  mCharacter: {fileID: 4800552798955221056}
  mPlayerRenderer: {fileID: 4860170885562778978}
  mNormalMaterial: {fileID: 2100000, guid: 424e41fe1bb145344ade017b33a8f033, type: 2}
  mHideMaterial: {fileID: 2100000, guid: 4d6a7c4e7588a2d48bcbd0c0641f6d19, type: 2}
  mYHeight: 3
  mHideableLayer:
    serializedVersion: 2
    m_Bits: 2099200
  mNonHideableLayer:
    serializedVersion: 2
    m_Bits: 2097152
  mHiddenParticle: {fileID: 9057902547951104542}
  mDrawGizmos: 0
  mHideSFX: EnterBush
  mUnHideSFX: ExitBush
--- !u!1001 &5083032105914802062
PrefabInstance:
  m_ObjectHideFlags: 0
  serializedVersion: 2
  m_Modification:
    m_TransformParent: {fileID: 6143664850452316284}
    m_Modifications:
    - target: {fileID: 259864048844640352, guid: 7a30f642920339b499a378181d4cd6c1,
        type: 3}
      propertyPath: m_Layer
      value: 21
      objectReference: {fileID: 0}
    - target: {fileID: 913895837110887775, guid: 7a30f642920339b499a378181d4cd6c1,
        type: 3}
      propertyPath: m_Layer
      value: 21
      objectReference: {fileID: 0}
    - target: {fileID: 1256243108575646382, guid: 7a30f642920339b499a378181d4cd6c1,
        type: 3}
      propertyPath: m_Layer
      value: 21
      objectReference: {fileID: 0}
    - target: {fileID: 1256243109653474749, guid: 7a30f642920339b499a378181d4cd6c1,
        type: 3}
      propertyPath: m_Layer
      value: 21
      objectReference: {fileID: 0}
    - target: {fileID: 4269039319488801902, guid: 7a30f642920339b499a378181d4cd6c1,
        type: 3}
      propertyPath: m_Name
      value: Hide
      objectReference: {fileID: 0}
    - target: {fileID: 4269039319488801902, guid: 7a30f642920339b499a378181d4cd6c1,
        type: 3}
      propertyPath: m_IsActive
      value: 0
      objectReference: {fileID: 0}
    - target: {fileID: 4269039319488801902, guid: 7a30f642920339b499a378181d4cd6c1,
        type: 3}
      propertyPath: m_Layer
      value: 21
      objectReference: {fileID: 0}
    - target: {fileID: 4269039319488802193, guid: 7a30f642920339b499a378181d4cd6c1,
        type: 3}
      propertyPath: m_LocalPosition.x
      value: 0
      objectReference: {fileID: 0}
    - target: {fileID: 4269039319488802193, guid: 7a30f642920339b499a378181d4cd6c1,
        type: 3}
      propertyPath: m_LocalPosition.y
      value: 0
      objectReference: {fileID: 0}
    - target: {fileID: 4269039319488802193, guid: 7a30f642920339b499a378181d4cd6c1,
        type: 3}
      propertyPath: m_LocalPosition.z
      value: 0
      objectReference: {fileID: 0}
    - target: {fileID: 4269039319488802193, guid: 7a30f642920339b499a378181d4cd6c1,
        type: 3}
      propertyPath: m_LocalRotation.x
      value: 0
      objectReference: {fileID: 0}
    - target: {fileID: 4269039319488802193, guid: 7a30f642920339b499a378181d4cd6c1,
        type: 3}
      propertyPath: m_LocalRotation.y
      value: 0
      objectReference: {fileID: 0}
    - target: {fileID: 4269039319488802193, guid: 7a30f642920339b499a378181d4cd6c1,
        type: 3}
      propertyPath: m_LocalRotation.z
      value: 0
      objectReference: {fileID: 0}
    - target: {fileID: 4269039319488802193, guid: 7a30f642920339b499a378181d4cd6c1,
        type: 3}
      propertyPath: m_LocalRotation.w
      value: 1
      objectReference: {fileID: 0}
    - target: {fileID: 4269039319488802193, guid: 7a30f642920339b499a378181d4cd6c1,
        type: 3}
      propertyPath: m_RootOrder
      value: 0
      objectReference: {fileID: 0}
    - target: {fileID: 4269039319488802193, guid: 7a30f642920339b499a378181d4cd6c1,
        type: 3}
      propertyPath: m_LocalEulerAnglesHint.x
      value: 0
      objectReference: {fileID: 0}
    - target: {fileID: 4269039319488802193, guid: 7a30f642920339b499a378181d4cd6c1,
        type: 3}
      propertyPath: m_LocalEulerAnglesHint.y
      value: 0
      objectReference: {fileID: 0}
    - target: {fileID: 4269039319488802193, guid: 7a30f642920339b499a378181d4cd6c1,
        type: 3}
      propertyPath: m_LocalEulerAnglesHint.z
      value: 0
      objectReference: {fileID: 0}
    - target: {fileID: 5387850696540923568, guid: 7a30f642920339b499a378181d4cd6c1,
        type: 3}
      propertyPath: m_Layer
      value: 21
      objectReference: {fileID: 0}
    - target: {fileID: 5387850697069919555, guid: 7a30f642920339b499a378181d4cd6c1,
        type: 3}
      propertyPath: m_Layer
      value: 21
      objectReference: {fileID: 0}
    - target: {fileID: 5528071180134875993, guid: 7a30f642920339b499a378181d4cd6c1,
        type: 3}
      propertyPath: m_Layer
      value: 21
      objectReference: {fileID: 0}
    - target: {fileID: 5768736246845218417, guid: 7a30f642920339b499a378181d4cd6c1,
        type: 3}
      propertyPath: m_Layer
      value: 21
      objectReference: {fileID: 0}
    - target: {fileID: 6287071105133127340, guid: 7a30f642920339b499a378181d4cd6c1,
        type: 3}
      propertyPath: m_Layer
      value: 21
      objectReference: {fileID: 0}
    m_RemovedComponents: []
  m_SourcePrefab: {fileID: 100100000, guid: 7a30f642920339b499a378181d4cd6c1, type: 3}
--- !u!4 &9057902547951104543 stripped
Transform:
  m_CorrespondingSourceObject: {fileID: 4269039319488802193, guid: 7a30f642920339b499a378181d4cd6c1,
    type: 3}
  m_PrefabInstance: {fileID: 5083032105914802062}
  m_PrefabAsset: {fileID: 0}
--- !u!198 &9057902547951104542 stripped
ParticleSystem:
  m_CorrespondingSourceObject: {fileID: 4269039319488802192, guid: 7a30f642920339b499a378181d4cd6c1,
    type: 3}
  m_PrefabInstance: {fileID: 5083032105914802062}
  m_PrefabAsset: {fileID: 0}
